Workbook
Name Adm: 'PRESUPUESTO 15-7'!#REF!
Name Imprev: 'PRESUPUESTO 15-7'!#REF!
Name IvaSUtl: 'PRESUPUESTO 15-7'!#REF!
Name SbtPpto: 'PRESUPUESTO 15-7'!$H$162
Name TtlCD: 'PRESUPUESTO 15-7'!#REF!
Name Utilidad: 'PRESUPUESTO 15-7'!#REF!

Sheet PRESUPUESTO 15-7
A1: 2015.1 | C1: 2025.2 | F1: www.sagut.com | G1: ="Duración Obra " &#REF! & " Días" -> #REF! | H1: =#REF! -> #REF! | I1: Unit CD | J1: Unit CT | K1: Decimales | L1: Durac | M1: CT | N1: CD | O1: CASA | P1: =C2 -> CT | Q1: DOBLECLIC AQUÍ PARA OCULTAR | AG1: C1 | AH1: C2 | AI1: C3 | AJ1: C4 | AK1: C5 | AL1: C6 | AS1: Valor Final del Contrato $ | AT1: =#REF! -> #REF! | BA1: Precios Base | CF1: =IF($A$2="CD",CH1,IF($A$2="CT",CI1,"Correg CT")) -> 0 | CG1: =ROUND(CE1 * CF1,$K$2) -> 0 | CJ1: 1 | CL1: =ROUND(CI1 * CE1,$K$2) -> 0 | CM1: =ROUND(CH1 * CE1,$K$2) -> 0 | CN1: =CG1*$O$2 -> 0 | CT1: =CP1+CQ1+CR1+CS1 -> 0 | DG1: ="CAP. " &#REF! & ": " &#REF! -> #REF! | DH1: =ROW(#REF!) -> #REF! | DO1: =CE1 -> 0 | DQ1: =DO1+DP1 -> 0 | DR1: =CF1 -> 0 | DS1: =ROUND(DQ1 * DR1,$K$2) -> 0
A2: CT | C2: =IF($A$2="CD","CD",IF($A$2="CT","CT","")) -> CT | H2: =IF(INSUMOS!J2=1,"CHEQ. INSUMOS","Insumos ok.") -> Insumos ok. | I2: 2 | J2: 3 | K2: 0 | O2: 1 | AP2: Dobleclic para ocultar Cantidades Definitivas | CA2: A | CB2: B | CC2: C | CD2: D | CE2: E | CF2: F | CG2: G | CH2: H | CI2: I | CJ2: J | CK2: K | CL2: L | CM2: M | CN2: N | CO2: O | CP2: P | CQ2: Q | CR2: R | CS2: S | CT2: T | CU2: U | CV2: V | CW2: W | CX2: X | CY2: Y | CZ2: Z | DA2: AA | DB2: AB | DC2: AC | DD2: AD | DE2: AE | DF2: AF | DG2: AG | DH2: AH | DI2: AI | DJ2: AJ | DK2: AK | DL2: AL | DM2: AM | DN2: AN | DO2: AO | DP2: AP | DQ2: AQ | DR2: AR | DS2: AS | DT2: AT | DU2: AU
AQ3: =SUM(AQ8:AQ189) -> #REF!
AH4: ="CAP. " & $C$4 & ": " & $D$4 -> CAP. : | AI4: =ROW($C$4) -> 4 | AJ4: ="SUBCAP. " & $C$4 & ": " & $D$4 -> SUBCAP. : | AK4: =ROW($C$4) -> 4
C7: SECRETARIA DE DESARROLLO TERRITORIAL Y PARTICIPACIÓN CIUDADANA | Q7: ITEMS POR COMPONENTES | AP7: CANTIDADES DEFINITIVAS DE OBRA
C8: PRESUPUESTO DE OBRA | Q8: Otros | R8: Equipo | S8: M. de Obra | T8: Materiales | U8: Unit CD | W8: 1 | AP8: PRESUP. | AQ8: MODIF. | AR8: CANT. DEFINIT. | AS8: VR.UNIT. | AT8: VR. DEFINIT.
C9: Objeto: | D9: MANTENIMIENTO CORRECTIVO Y PREVENTIVO DE LOS CENTROS DE ADMINISTRACIÓN LOCAL INTEGRADA DE LAS COMUNAS 15 Y 7 DEL DISTRITO DE SANTIAGO DE CALI | G9: PROCESO No.
G10: FECHA: | H10: =TODAY() -> 46079
A12: ENCAB | B12: CAP | C12: ITEM | D12: DESCRIPCION | E12: UND | F12: CANT. | G12: VR. UNIT | H12: =IF(O2>1,"VR. / " &O1,"VR.TOTAL") -> VR.TOTAL | I12: C.D. | J12: C.T. | L12: DURAC | M12: VR. TOTAL | N12: VR. C.D. | O12: ="Vr. " & O2 & " " &O1& "S" -> Vr. 1 CASAS | Q12: Otros | R12: Equipo | S12: M. de Obra | T12: Materiales | U12: Unit CD | W12: 1 | AP12: PRESUP. | AQ12: =[1]ACTAS!L14 -> #REF! | AR12: CANT. DEFINIT. | AS12: VR.UNIT. | AT12: VR. DEFINIT.
C13: C.A.L.I 15
A14: CAP | C14: 1 | D14: PRELIMINARES 1 | H14: =SUM(H15:H27) -> 72688979 | O14: =SUM(O15:O27) -> 69175011 | V14: =IF(H14<>"",O14-H14*$O$2,0) -> -3513968 | W14: . | AH14: ="CAP. " & $C$14 & ": " & $D$14 -> CAP. 1: PRELIMINARES 1 | AI14: =ROW($C$14) -> 14 | AT14: =SUM(AT15:AT27) -> 72688979
A15: COD | AH15: ="CAP. " & $C$14 & ": " & $D$14 -> CAP. 1: PRELIMINARES 1 | AI15: =ROW($C$14) -> 14
A16: 330107 | B16: 330107 | C16: 1.1 | D16: CORTADORA DE LADRILLO CON DISCO (ALQUILER) | E16: DÍA | F16: 488.8 | G16: 96197 | H16: =ROUND(F16 * G16,$K$2) -> 47021094 | I16: =#REF! -> #REF! | J16: =#REF! -> #REF! | K16: 1 | M16: =ROUND(J16 * F16,$K$2) -> #REF! | N16: =ROUND(I16 * F16,$K$2) -> #REF! | O16: =H16*$O$2 -> 47021094 | Q16: =ROUND(#REF!*F16,0) -> #REF! | R16: =ROUND(#REF!*F16,0) -> #REF! | U16: =Q16+R16+S16+T16 -> #REF! | W16: 10 | AH16: ="CAP. " & $C$14 & ": " & $D$14 -> CAP. 1: PRELIMINARES 1 | AI16: =ROW($C$14) -> 14 | AP16: =F16 -> 488.8 | AR16: =AP16+AQ16 -> 488.8 | AS16: =G16 -> 96197 | AT16: =ROUND(AR16 * AS16,$K$2) -> 47021094
A17: 100414 | B17: 100414 | C17: 1.2 | D17: DEMOLICION CONTRAPISO CONCRETO E=5CM-10CM | E17: M | F17: 168 | G17: 5378 | H17: =ROUND(F17 * G17,$K$2) -> 903504 | I17: =#REF! -> #REF! | J17: =#REF! -> #REF! | K17: 1 | L17: =ROUNDUP(#REF!/$K$17,0) -> #REF! | M17: =ROUND(J17 * F17,$K$2) -> #REF! | N17: =ROUND(I17 * F17,$K$2) -> #REF! | O17: =H17*$O$2 -> 903504 | Q17: =ROUND(#REF!*F17,0) -> #REF! | R17: =ROUND(#REF!*F17,0) -> #REF! | S17: =ROUND(#REF!*F17,0) -> #REF! | U17: =Q17+R17+S17+T17 -> #REF! | W17: 11 | AH17: ="CAP. " & $C$14 & ": " & $D$14 -> CAP. 1: PRELIMINARES 1 | AI17: =ROW($C$14) -> 14 | AP17: =F17 -> 168 | AR17: =AP17+AQ17 -> 168 | AS17: =G17 -> 5378 | AT17: =ROUND(AR17 * AS17,$K$2) -> 903504
A18: 100314 | B18: 100314 | C18: 1.3 | D18: DEMOLICION MURO LAD. SOGA | E18: M2 | F18: 488.8 | G18: 11589 | H18: =ROUND(F18 * G18,$K$2) -> 5664703 | I18: =#REF! -> #REF! | J18: =#REF! -> #REF! | K18: 1 | L18: =ROUNDUP(#REF!/$K$18,0) -> #REF! | M18: =ROUND(J18 * F18,$K$2) -> #REF! | N18: =ROUND(I18 * F18,$K$2) -> #REF! | O18: =H18*$O$2 -> 5664703 | Q18: =ROUND(#REF!*F18,0) -> #REF! | R18: =ROUND(#REF!*F18,0) -> #REF! | S18: =ROUND(#REF!*F18,0) -> #REF! | U18: =Q18+R18+S18+T18 -> #REF! | W18: 12 | AH18: ="CAP. " & $C$14 & ": " & $D$14 -> CAP. 1: PRELIMINARES 1 | AI18: =ROW($C$14) -> 14 | AP18: =F18 -> 488.8 | AR18: =AP18+AQ18 -> 488.8 | AS18: =G18 -> 11589 | AT18: =ROUND(AR18 * AS18,$K$2) -> 5664703
A19: 100305 | B19: 100305 | C19: 1.4 | D19: DEMOLICION ENCHAPE CERAMICO | E19: M2 | F19: 12.6 | G19: 18975 | H19: =ROUND(F19 * G19,$K$2) -> 239085 | I19: =#REF! -> #REF! | J19: =#REF! -> #REF! | K19: 1 | L19: =ROUNDUP(#REF!/$K$19,0) -> #REF! | M19: =ROUND(J19 * F19,$K$2) -> #REF! | N19: =ROUND(I19 * F19,$K$2) -> #REF! | O19: =H19*$O$2 -> 239085 | Q19: =ROUND(#REF!*F19,0) -> #REF! | R19: =ROUND(#REF!*F19,0) -> #REF! | S19: =ROUND(#REF!*F19,0) -> #REF! | U19: =Q19+R19+S19+T19 -> #REF! | W19: 13 | AH19: ="CAP. " & $C$14 & ": " & $D$14 -> CAP. 1: PRELIMINARES 1 | AI19: =ROW($C$14) -> 14 | AP19: =F19 -> 12.6 | AR19: =AP19+AQ19 -> 12.6 | AS19: =G19 -> 18975 | AT19: =ROUND(AR19 * AS19,$K$2) -> 239085
A20: 100515 | B20: 100515 | C20: 1.5 | D20: DESMONTE MARCO + NAVE SENCILLA | E20: UND | F20: 21 | G20: 41712 | H20: =ROUND(F20 * G20,$K$2) -> 875952 | I20: =#REF! -> #REF! | J20: =#REF! -> #REF! | K20: 1 | L20: =ROUNDUP(#REF!/$K$20,0) -> #REF! | M20: =ROUND(J20 * F20,$K$2) -> #REF! | N20: =ROUND(I20 * F20,$K$2) -> #REF! | O20: =H20*$O$2 -> 875952 | Q20: =ROUND(#REF!*F20,0) -> #REF! | R20: =ROUND(#REF!*F20,0) -> #REF! | S20: =ROUND(#REF!*F20,0) -> #REF! | U20: =Q20+R20+S20+T20 -> #REF! | W20: 14 | AH20: ="CAP. " & $C$14 & ": " & $D$14 -> CAP. 1: PRELIMINARES 1 | AI20: =ROW($C$14) -> 14 | AP20: =F20 -> 21 | AR20: =AP20+AQ20 -> 21 | AS20: =G20 -> 41712 | AT20: =ROUND(AR20 * AS20,$K$2) -> 875952
A21: 100538 | B21: 100538 | C21: 1.6 | D21: DESMONTE MARCO DOBLE + NAVE DOBLE | E21: UND | F21: 1 | G21: 124102 | H21: =ROUND(F21 * G21,$K$2) -> 124102 | I21: =#REF! -> #REF! | J21: =#REF! -> #REF! | K21: 1 | L21: =ROUNDUP(#REF!/$K$21,0) -> #REF! | M21: =ROUND(J21 * F21,$K$2) -> #REF! | N21: =ROUND(I21 * F21,$K$2) -> #REF! | O21: =H21*$O$2 -> 124102 | Q21: =ROUND(#REF!*F21,0) -> #REF! | R21: =ROUND(#REF!*F21,0) -> #REF! | S21: =ROUND(#REF!*F21,0) -> #REF! | T21: =ROUND(#REF!*F21,0) -> #REF! | U21: =Q21+R21+S21+T21 -> #REF! | W21: 15 | AH21: ="CAP. " & $C$14 & ": " & $D$14 -> CAP. 1: PRELIMINARES 1 | AI21: =ROW($C$14) -> 14 | AP21: =F21 -> 1 | AR21: =AP21+AQ21 -> 1 | AS21: =G21 -> 124102 | AT21: =ROUND(AR21 * AS21,$K$2) -> 124102
A22: 100407 | B22: 100407 | C22: 1.7 | D22: DEMOLICION PISO ENCHAPE-BALDOSA+MORTERO | E22: M2 | F22: 664.71 | G22: 12988 | H22: =ROUND(F22 * G22,$K$2) -> 8633253 | I22: =#REF! -> #REF! | J22: =#REF! -> #REF! | K22: 1 | L22: =ROUNDUP(#REF!/$K$22,0) -> #REF! | M22: =ROUND(J22 * F22,$K$2) -> #REF! | N22: =ROUND(I22 * F22,$K$2) -> #REF! | O22: =H22*$O$2 -> 8633253 | Q22: =ROUND(#REF!*F22,0) -> #REF! | R22: =ROUND(#REF!*F22,0) -> #REF! | S22: =ROUND(#REF!*F22,0) -> #REF! | U22: =Q22+R22+S22+T22 -> #REF! | W22: 16 | AH22: ="CAP. " & $C$14 & ": " & $D$14 -> CAP. 1: PRELIMINARES 1 | AI22: =ROW($C$14) -> 14 | AP22: =F22 -> 664.71 | AR22: =AP22+AQ22 -> 664.71 | AS22: =G22 -> 12988 | AT22: =ROUND(AR22 * AS22,$K$2) -> 8633253
A23: 100401 | B23: 100401 | C23: 1.8 | D23: DEMOLICION ANDEN/CONTRAPISO CONC.E 7.6 A 12CM | E23: M2 | F23: 47 | G23: 10634 | H23: =ROUND(F23 * G23,$K$2) -> 499798 | I23: =#REF! -> #REF! | J23: =#REF! -> #REF! | K23: 1 | L23: =ROUNDUP(#REF!/$K$23,0) -> #REF! | M23: =ROUND(J23 * F23,$K$2) -> #REF! | N23: =ROUND(I23 * F23,$K$2) -> #REF! | O23: =H23*$O$2 -> 499798 | Q23: =ROUND(#REF!*F23,0) -> #REF! | R23: =ROUND(#REF!*F23,0) -> #REF! | S23: =ROUND(#REF!*F23,0) -> #REF! | U23: =Q23+R23+S23+T23 -> #REF! | W23: 17 | AH23: ="CAP. " & $C$14 & ": " & $D$14 -> CAP. 1: PRELIMINARES 1 | AI23: =ROW($C$14) -> 14 | AP23: =F23 -> 47 | AR23: =AP23+AQ23 -> 47 | AS23: =G23 -> 10634 | AT23: =ROUND(AR23 * AS23,$K$2) -> 499798
A24: 100628 | B24: 100628 | C24: 1.9 | D24: CARGUE Y RETIRO MATERIAL VOLQUETA <= 10 KM. | E24: M3 | F24: 104 | G24: 43650 | H24: =ROUND(F24 * G24,$K$2) -> 4539600 | I24: =#REF! -> #REF! | J24: =#REF! -> #REF! | K24: 1 | L24: =ROUNDUP(#REF!/$K$24,0) -> #REF! | M24: =ROUND(J24 * F24,$K$2) -> #REF! | N24: =ROUND(I24 * F24,$K$2) -> #REF! | O24: =H24*$O$2 -> 4539600 | Q24: =ROUND(#REF!*F24,0) -> #REF! | R24: =ROUND(#REF!*F24,0) -> #REF! | S24: =ROUND(#REF!*F24,0) -> #REF! | U24: =Q24+R24+S24+T24 -> #REF! | W24: 18 | AH24: ="CAP. " & $C$14 & ": " & $D$14 -> CAP. 1: PRELIMINARES 1 | AI24: =ROW($C$14) -> 14 | AP24: =F24 -> 104 | AR24: =AP24+AQ24 -> 104 | AS24: =G24 -> 43650 | AT24: =ROUND(AR24 * AS24,$K$2) -> 4539600
A25: 010119 | B25: 010119 | C25: 1.10 | D25: DISPOSICIÓN FINAL DE ESCOMBROS Y SOBRANTES | E25: M3 | F25: 104 | G25: 6480 | H25: =ROUND(F25 * G25,$K$2) -> 673920 | I25: =#REF! -> #REF! | J25: =#REF! -> #REF! | K25: 1 | M25: =ROUND(J25 * F25,$K$2) -> #REF! | N25: =ROUND(I25 * F25,$K$2) -> #REF! | O25: =H25*$O$2 -> 673920 | T25: =ROUND(#REF!*F25,0) -> #REF! | U25: =Q25+R25+S25+T25 -> #REF! | W25: 19 | AH25: ="CAP. " & $C$14 & ": " & $D$14 -> CAP. 1: PRELIMINARES 1 | AI25: =ROW($C$14) -> 14 | AP25: =F25 -> 104 | AR25: =AP25+AQ25 -> 104 | AS25: =G25 -> 6480 | AT25: =ROUND(AR25 * AS25,$K$2) -> 673920
B26: 100624 | C26: 1.11 | D26: ACARREO MATERIALES 10 PERS | E26: h | F26: 8 | G26: 439246 | H26: =ROUND(F26 * G26,$K$2) -> 3513968 | AP26: =F26 -> 8 | AR26: =AP26+AQ26 -> 8 | AS26: =G26 -> 439246 | AT26: =ROUND(AR26 * AS26,$K$2) -> 3513968
AH27: ="CAP. " & $C$14 & ": " & $D$14 -> CAP. 1: PRELIMINARES 1 | AI27: =ROW($C$14) -> 14
A28: STCAP | B28: STCAP | G28: SUBTOTAL CAP. 1 PRELIMINARES 1: | H28: =SUM(H15:H27) -> 72688979 | O28: =SUM(O15:O27) -> 69175011 | Q28: =SUM(Q14:Q27) -> #REF! | R28: =SUM(R14:R27) -> #REF! | S28: =SUM(S14:S27) -> #REF! | T28: =SUM(T14:T27) -> #REF! | U28: =SUM(U14:U27) -> #REF! | AH28: ="CAP. " & $C$14 & ": " & $D$14 -> CAP. 1: PRELIMINARES 1 | AI28: =ROW($C$14) -> 14 | AT28: =SUM(AT15:AT27) -> 72688979
A30: CAP | B30: CAP | C30: 2 | D30: ESTRUCTURA CONCRETO | H30: =SUM(H31:H44) -> 574491944 | O30: =SUM(O31:O44) -> 574491944 | V30: =IF(H30<>"",O30-H30*$O$2,0) -> 0 | W30: . | AH30: ="CAP. " & $C$30 & ": " & $D$30 -> CAP. 2: ESTRUCTURA CONCRETO | AI30: =ROW($C$30) -> 30 | AT30: =SUM(AT31:AT44) -> 574491944
A31: COD | B31: COD | AH31: ="CAP. " & $C$30 & ": " & $D$30 -> CAP. 2: ESTRUCTURA CONCRETO | AI31: =ROW($C$30) -> 30
A32: 120210 | B32: 120210 | C32: 2.1 | D32: SOLADO ESPESOR E=0.05M 3000 PSI 210 MPA | E32: M2 | F32: 84.96 | G32: 49270 | H32: =ROUND(F32 * G32,$K$2) -> 4185979 | I32: =#REF! -> #REF! | J32: =#REF! -> #REF! | K32: 1 | L32: =ROUNDUP(#REF!/$K$32,0) -> #REF! | M32: =ROUND(J32 * F32,$K$2) -> #REF! | N32: =ROUND(I32 * F32,$K$2) -> #REF! | O32: =H32*$O$2 -> 4185979 | Q32: =ROUND(#REF!*F32,0) -> #REF! | R32: =ROUND(#REF!*F32,0) + 21 -> #REF! | S32: =ROUND(#REF!*F32,0) -> #REF! | T32: =ROUND(#REF!*F32,0) -> #REF! | U32: =Q32+R32+S32+T32 -> #REF! | W32: 21 | AH32: ="CAP. " & $C$30 & ": " & $D$30 -> CAP. 2: ESTRUCTURA CONCRETO | AI32: =ROW($C$30) -> 30 | AP32: =F32 -> 84.96 | AR32: =AP32+AQ32 -> 84.96 | AS32: =G32 -> 49270 | AT32: =ROUND(AR32 * AS32,$K$2) -> 4185979
A33: 120213 | B33: 120213 | C33: 2.2 | D33: ZAPATA CONCRETO 3000 PSI INC. FORMALETA | E33: M3 | F33: 27 | G33: 848510 | H33: =ROUND(F33 * G33,$K$2) -> 22909770 | I33: =#REF! -> #REF! | J33: =#REF! -> #REF! | K33: 1 | L33: =ROUNDUP(#REF!/$K$33,0) -> #REF! | M33: =ROUND(J33 * F33,$K$2) -> #REF! | N33: =ROUND(I33 * F33,$K$2) -> #REF! | O33: =H33*$O$2 -> 22909770 | Q33: =ROUND(#REF!*F33,0) -> #REF! | R33: =ROUND(#REF!*F33,0) + 11 -> #REF! | S33: =ROUND(#REF!*F33,0) -> #REF! | T33: =ROUND(#REF!*F33,0) -> #REF! | U33: =Q33+R33+S33+T33 -> #REF! | W33: 22 | AH33: ="CAP. " & $C$30 & ": " & $D$30 -> CAP. 2: ESTRUCTURA CONCRETO | AI33: =ROW($C$30) -> 30 | AP33: =F33 -> 27 | AR33: =AP33+AQ33 -> 27 | AS33: =G33 -> 848510 | AT33: =ROUND(AR33 * AS33,$K$2) -> 22909770
A34: 120301 | B34: 120301 | C34: 2.3 | D34: VIGA CIMIENTO ENLACE H=20-40CM 3100PSI | E34: M3 | F34: 25.49 | G34: 1306108 | H34: =ROUND(F34 * G34,$K$2) -> 33292693 | I34: =#REF! -> #REF! | J34: =#REF! -> #REF! | K34: 1 | L34: =ROUNDUP(#REF!/$K$34,0) -> #REF! | M34: =ROUND(J34 * F34,$K$2) -> #REF! | N34: =ROUND(I34 * F34,$K$2) -> #REF! | O34: =H34*$O$2 -> 33292693 | Q34: =ROUND(#REF!*F34,0) -> #REF! | R34: =ROUND(#REF!*F34,0) + 4 -> #REF! | S34: =ROUND(#REF!*F34,0) -> #REF! | T34: =ROUND(#REF!*F34,0) -> #REF! | U34: =Q34+R34+S34+T34 -> #REF! | W34: 23 | AH34: ="CAP. " & $C$30 & ": " & $D$30 -> CAP. 2: ESTRUCTURA CONCRETO | AI34: =ROW($C$30) -> 30 | AP34: =F34 -> 25.49 | AR34: =AP34+AQ34 -> 25.49 | AS34: =G34 -> 1306108 | AT34: =ROUND(AR34 * AS34,$K$2) -> 33292693
A35: 130204 | B35: 130204 | C35: 2.4 | D35: COLUMNA CONCRETO 3000 PSI | E35: M3 | F35: 19.55 | G35: 2345925 | H35: =ROUND(F35 * G35,$K$2) -> 45862834 | I35: =#REF! -> #REF! | J35: =#REF! -> #REF! | K35: 1 | L35: =ROUNDUP(#REF!/$K$35,0) -> #REF! | M35: =ROUND(J35 * F35,$K$2) -> #REF! | N35: =ROUND(I35 * F35,$K$2) -> #REF! | O35: =H35*$O$2 -> 45862834 | Q35: =ROUND(#REF!*F35,0) -> #REF! | R35: =ROUND(#REF!*F35,0) + 5 -> #REF! | S35: =ROUND(#REF!*F35,0) -> #REF! | T35: =ROUND(#REF!*F35,0) -> #REF! | U35: =Q35+R35+S35+T35 -> #REF! | W35: 24 | AH35: ="CAP. " & $C$30 & ": " & $D$30 -> CAP. 2: ESTRUCTURA CONCRETO | AI35: =ROW($C$30) -> 30 | AP35: =F35 -> 19.55 | AR35: =AP35+AQ35 -> 19.55 | AS35: =G35 -> 2345925 | AT35: =ROUND(AR35 * AS35,$K$2) -> 45862834
A36: 130413 | B36: 130413 | C36: 2.5 | D36: VIGA CONCRETO AEREA 3000 PSI | E36: M3 | F36: 42.48 | G36: 1867907 | H36: =ROUND(F36 * G36,$K$2) -> 79348689 | I36: =#REF! -> #REF! | J36: =#REF! -> #REF! | K36: 1 | L36: =ROUNDUP(#REF!/$K$36,0) -> #REF! | M36: =ROUND(J36 * F36,$K$2) -> #REF! | N36: =ROUND(I36 * F36,$K$2) -> #REF! | O36: =H36*$O$2 -> 79348689 | Q36: =ROUND(#REF!*F36,0) -> #REF! | R36: =ROUND(#REF!*F36,0) -> #REF! | S36: =ROUND(#REF!*F36,0) -> #REF! | T36: =ROUND(#REF!*F36,0) -> #REF! | U36: =Q36+R36+S36+T36 -> #REF! | W36: 25 | AH36: ="CAP. " & $C$30 & ": " & $D$30 -> CAP. 2: ESTRUCTURA CONCRETO | AI36: =ROW($C$30) -> 30 | AP36: =F36 -> 42.48 | AR36: =AP36+AQ36 -> 42.48 | AS36: =G36 -> 1867907 | AT36: =ROUND(AR36 * AS36,$K$2) -> 79348689
A37: 120101 | B37: 120101 | C37: 2.6 | D37: ACERO REFUERZO FLEJADO 60000 PSI 420Mpa | E37: KG | F37: 15915.22 | G37: 8162 | H37: =ROUND(F37 * G37,$K$2) -> 129900026 | I37: =#REF! -> #REF! | J37: =#REF! -> #REF! | K37: 1 | L37: =ROUNDUP(#REF!/$K$37,0) -> #REF! | M37: =ROUND(J37 * F37,$K$2) -> #REF! | N37: =ROUND(I37 * F37,$K$2) -> #REF! | O37: =H37*$O$2 -> 129900026 | Q37: =ROUND(#REF!*F37,0) -> #REF! | R37: =ROUND(#REF!*F37,0) -> #REF! | S37: =ROUND(#REF!*F37,0) -> #REF! | T37: =ROUND(#REF!*F37,0) -> #REF! | U37: =Q37+R37+S37+T37 -> #REF! | W37: 26 | AH37: ="CAP. " & $C$30 & ": " & $D$30 -> CAP. 2: ESTRUCTURA CONCRETO | AI37: =ROW($C$30) -> 30 | AP37: =F37 -> 15915.22 | AR37: =AP37+AQ37 -> 15915.22 | AS37: =G37 -> 8162 | AT37: =ROUND(AR37 * AS37,$K$2) -> 129900026
A38: 131114 | B38: 131114 | C38: 2.7 | D38: ANCLAJE HIERRO ,3/8"-PERFORACION ,1/2" 10-15C | E38: PUNTO | F38: 2688 | G38: 34817 | H38: =ROUND(F38 * G38,$K$2) -> 93588096 | I38: =#REF! -> #REF! | J38: =#REF! -> #REF! | K38: 1 | L38: =ROUNDUP(#REF!/$K$38,0) -> #REF! | M38: =ROUND(J38 * F38,$K$2) -> #REF! | N38: =ROUND(I38 * F38,$K$2) -> #REF! | O38: =H38*$O$2 -> 93588096 | Q38: =ROUND(#REF!*F38,0) -> #REF! | R38: =ROUND(#REF!*F38,0) + 913 -> #REF! | S38: =ROUND(#REF!*F38,0) -> #REF! | T38: =ROUND(#REF!*F38,0) -> #REF! | U38: =Q38+R38+S38+T38 -> #REF! | W38: 27 | AH38: ="CAP. " & $C$30 & ": " & $D$30 -> CAP. 2: ESTRUCTURA CONCRETO | AI38: =ROW($C$30) -> 30 | AP38: =F38 -> 2688 | AR38: =AP38+AQ38 -> 2688 | AS38: =G38 -> 34817 | AT38: =ROUND(AR38 * AS38,$K$2) -> 93588096
A39: 131116 | B39: 131116 | C39: 2.8 | D39: ANCLAJE HIERRO ,5/8"-PERFORACION ,3/4" 10-15C | E39: PUNTO | F39: 978 | G39: 48978 | H39: =ROUND(F39 * G39,$K$2) -> 47900484 | I39: =#REF! -> #REF! | J39: =#REF! -> #REF! | K39: 1 | L39: =ROUNDUP(#REF!/$K$39,0) -> #REF! | M39: =ROUND(J39 * F39,$K$2) -> #REF! | N39: =ROUND(I39 * F39,$K$2) -> #REF! | O39: =H39*$O$2 -> 47900484 | Q39: =ROUND(#REF!*F39,0) -> #REF! | R39: =ROUND(#REF!*F39,0) -> #REF! | S39: =ROUND(#REF!*F39,0) -> #REF! | T39: =ROUND(#REF!*F39,0) -> #REF! | U39: =Q39+R39+S39+T39 -> #REF! | W39: 28 | AH39: ="CAP. " & $C$30 & ": " & $D$30 -> CAP. 2: ESTRUCTURA CONCRETO | AI39: =ROW($C$30) -> 30 | AP39: =F39 -> 978 | AR39: =AP39+AQ39 -> 978 | AS39: =G39 -> 48978 | AT39: =ROUND(AR39 * AS39,$K$2) -> 47900484
A40: 131119 | B40: 131119 | C40: 2.9 | D40: ANCLAJE HIERRO ,1/2"-PERFORACION ,5/8" 10-15C | E40: PUNTO | F40: 350 | G40: 42694 | H40: =ROUND(F40 * G40,$K$2) -> 14942900 | I40: =#REF! -> #REF! | J40: =#REF! -> #REF! | K40: 1 | L40: =ROUNDUP(#REF!/$K$40,0) -> #REF! | M40: =ROUND(J40 * F40,$K$2) -> #REF! | N40: =ROUND(I40 * F40,$K$2) -> #REF! | O40: =H40*$O$2 -> 14942900 | Q40: =ROUND(#REF!*F40,0) -> #REF! | R40: =ROUND(#REF!*F40,0) -> #REF! | S40: =ROUND(#REF!*F40,0) -> #REF! | T40: =ROUND(#REF!*F40,0) -> #REF! | U40: =Q40+R40+S40+T40 -> #REF! | W40: 29 | AH40: ="CAP. " & $C$30 & ": " & $D$30 -> CAP. 2: ESTRUCTURA CONCRETO | AI40: =ROW($C$30) -> 30 | AP40: =F40 -> 350 | AR40: =AP40+AQ40 -> 350 | AS40: =G40 -> 42694 | AT40: =ROUND(AR40 * AS40,$K$2) -> 14942900
A41: 320601 | B41: 320601 | C41: 2.10 | D41: ADHERENTE EPOXICO LIBRE DE SOLVENTES | E41: M2 | F41: 293.28 | G41: 155143 | H41: =ROUND(F41 * G41,$K$2) -> 45500339 | I41: =#REF! -> #REF! | J41: =#REF! -> #REF! | K41: 1 | L41: =ROUNDUP(#REF!/$K$41,0) -> #REF! | M41: =ROUND(J41 * F41,$K$2) -> #REF! | N41: =ROUND(I41 * F41,$K$2) -> #REF! | O41: =H41*$O$2 -> 45500339 | Q41: =ROUND(#REF!*F41,0) -> #REF! | R41: =ROUND(#REF!*F41,0) -> #REF! | S41: =ROUND(#REF!*F41,0) -> #REF! | T41: =ROUND(#REF!*F41,0) -> #REF! | U41: =Q41+R41+S41+T41 -> #REF! | W41: 30 | AH41: ="CAP. " & $C$30 & ": " & $D$30 -> CAP. 2: ESTRUCTURA CONCRETO | AI41: =ROW($C$30) -> 30 | AP41: =F41 -> 293.28 | AR41: =AP41+AQ41 -> 293.28 | AS41: =G41 -> 155143 | AT41: =ROUND(AR41 * AS41,$K$2) -> 45500339
A42: 200127 | B42: 200127 | C42: 2.11 | D42: CONTRAPISO REFORZADO E=10CM 3.000Psi | E42: M2 | F42: 60 | G42: 133314 | H42: =ROUND(F42 * G42,$K$2) -> 7998840 | I42: =#REF! -> #REF! | J42: =#REF! -> #REF! | K42: 1 | L42: =ROUNDUP(#REF!/$K$42,0) -> #REF! | M42: =ROUND(J42 * F42,$K$2) -> #REF! | N42: =ROUND(I42 * F42,$K$2) -> #REF! | O42: =H42*$O$2 -> 7998840 | Q42: =ROUND(#REF!*F42,0) -> #REF! | R42: =ROUND(#REF!*F42,0) -> #REF! | S42: =ROUND(#REF!*F42,0) -> #REF! | T42: =ROUND(#REF!*F42,0) -> #REF! | U42: =Q42+R42+S42+T42 -> #REF! | W42: 31 | AH42: ="CAP. " & $C$30 & ": " & $D$30 -> CAP. 2: ESTRUCTURA CONCRETO | AI42: =ROW($C$30) -> 30 | AP42: =F42 -> 60 | AR42: =AP42+AQ42 -> 60 | AS42: =G42 -> 133314 | AT42: =ROUND(AR42 * AS42,$K$2) -> 7998840
A43: 131115 | B43: 131115 | C43: 2.12 | D43: ANCLAJE HIERRO ,3/4"-PERFORACION ,7/8" 16-20C | E43: PUNTO | F43: 734 | G43: 66841 | H43: =ROUND(F43 * G43,$K$2) -> 49061294 | I43: =#REF! -> #REF! | J43: =#REF! -> #REF! | K43: 1 | L43: =ROUNDUP(#REF!/$K$43,0) -> #REF! | M43: =ROUND(J43 * F43,$K$2) -> #REF! | N43: =ROUND(I43 * F43,$K$2) -> #REF! | O43: =H43*$O$2 -> 49061294 | Q43: =ROUND(#REF!*F43,0) -> #REF! | R43: =ROUND(#REF!*F43,0) + 30 -> #REF! | S43: =ROUND(#REF!*F43,0) -> #REF! | T43: =ROUND(#REF!*F43,0) -> #REF! | U43: =Q43+R43+S43+T43 -> #REF! | W43: 32 | AH43: ="CAP. " & $C$30 & ": " & $D$30 -> CAP. 2: ESTRUCTURA CONCRETO | AI43: =ROW($C$30) -> 30 | AP43: =F43 -> 734 | AR43: =AP43+AQ43 -> 734 | AS43: =G43 -> 66841 | AT43: =ROUND(AR43 * AS43,$K$2) -> 49061294
AH44: ="CAP. " & $C$30 & ": " & $D$30 -> CAP. 2: ESTRUCTURA CONCRETO | AI44: =ROW($C$30) -> 30
A45: STCAP | B45: STCAP | G45: SUBTOTAL CAP. 2 ESTRUCTURA CONCRETO: | H45: =SUM(H31:H44) -> 574491944 | O45: =SUM(O31:O44) -> 574491944 | Q45: =SUM(Q30:Q44) -> #REF! | R45: =SUM(R30:R44) -> #REF! | S45: =SUM(S30:S44) -> #REF! | T45: =SUM(T30:T44) -> #REF! | U45: =SUM(U30:U44) -> #REF! | AH45: ="CAP. " & $C$30 & ": " & $D$30 -> CAP. 2: ESTRUCTURA CONCRETO | AI45: =ROW($C$30) -> 30 | AT45: =SUM(AT31:AT44) -> 574491944
A47: CAP | B47: CAP | C47: 3 | D47: MUROS | H47: =SUM(H48:H52) -> 103395864 | O47: =SUM(O48:O52) -> 103395864 | V47: =IF(H47<>"",O47-H47*$O$2,0) -> 0 | W47: . | AH47: ="CAP. " & $C$47 & ": " & $D$47 -> CAP. 3: MUROS | AI47: =ROW($C$47) -> 47 | AT47: =SUM(AT48:AT52) -> 103395864
A48: COD | B48: COD | AH48: ="CAP. " & $C$47 & ": " & $D$47 -> CAP. 3: MUROS | AI48: =ROW($C$47) -> 47
A49: 140220 | B49: 140220 | C49: 3.1 | D49: MURO LADRILLO SOGA SUCIO | E49: M2 | F49: 488.8 | G49: 114368 | H49: =ROUND(F49 * G49,$K$2) -> 55903078 | I49: =#REF! -> #REF! | J49: =#REF! -> #REF! | K49: 1 | L49: =ROUNDUP(#REF!/$K$49,0) -> #REF! | M49: =ROUND(J49 * F49,$K$2) -> #REF! | N49: =ROUND(I49 * F49,$K$2) -> #REF! | O49: =H49*$O$2 -> 55903078 | Q49: =ROUND(#REF!*F49,0) -> #REF! | R49: =ROUND(#REF!*F49,0) + 224 -> #REF! | S49: =ROUND(#REF!*F49,0) -> #REF! | T49: =ROUND(#REF!*F49,0) -> #REF! | U49: =Q49+R49+S49+T49 -> #REF! | W49: 34 | AH49: ="CAP. " & $C$47 & ": " & $D$47 -> CAP. 3: MUROS | AI49: =ROW($C$47) -> 47 | AP49: =F49 -> 488.8 | AR49: =AP49+AQ49 -> 488.8 | AS49: =G49 -> 114368 | AT49: =ROUND(AR49 * AS49,$K$2) -> 55903078
A50: 190109 | B50: 190109 | C50: 3.2 | D50: REPELLO MURO 1:3 | E50: M2 | F50: 977.6 | G50: 45418 | H50: =ROUND(F50 * G50,$K$2) -> 44400637 | I50: =#REF! -> #REF! | J50: =#REF! -> #REF! | K50: 1 | L50: =ROUNDUP(#REF!/$K$50,0) -> #REF! | M50: =ROUND(J50 * F50,$K$2) -> #REF! | N50: =ROUND(I50 * F50,$K$2) -> #REF! | O50: =H50*$O$2 -> 44400637 | Q50: =ROUND(#REF!*F50,0) -> #REF! | R50: =ROUND(#REF!*F50,0) -> #REF! | S50: =ROUND(#REF!*F50,0) -> #REF! | T50: =ROUND(#REF!*F50,0) -> #REF! | U50: =Q50+R50+S50+T50 -> #REF! | W50: 35 | AH50: ="CAP. " & $C$47 & ": " & $D$47 -> CAP. 3: MUROS | AI50: =ROW($C$47) -> 47 | AP50: =F50 -> 977.6 | AR50: =AP50+AQ50 -> 977.6 | AS50: =G50 -> 45418 | AT50: =ROUND(AR50 * AS50,$K$2) -> 44400637
A51: 131213 | B51: 131213 | C51: 3.3 | D51: ICOPOR JUNTA CONSTRUCCION E=2CM | E51: M | F51: 488.8 | G51: 6326 | H51: =ROUND(F51 * G51,$K$2) -> 3092149 | I51: =#REF! -> #REF! | J51: =#REF! -> #REF! | K51: 1 | L51: =ROUNDUP(#REF!/$K$51,0) -> #REF! | M51: =ROUND(J51 * F51,$K$2) -> #REF! | N51: =ROUND(I51 * F51,$K$2) -> #REF! | O51: =H51*$O$2 -> 3092149 | Q51: =ROUND(#REF!*F51,0) -> #REF! | R51: =ROUND(#REF!*F51,0) -> #REF! | S51: =ROUND(#REF!*F51,0) -> #REF! | T51: =ROUND(#REF!*F51,0) -> #REF! | U51: =Q51+R51+S51+T51 -> #REF! | W51: 36 | AH51: ="CAP. " & $C$47 & ": " & $D$47 -> CAP. 3: MUROS | AI51: =ROW($C$47) -> 47 | AP51: =F51 -> 488.8 | AR51: =AP51+AQ51 -> 488.8 | AS51: =G51 -> 6326 | AT51: =ROUND(AR51 * AS51,$K$2) -> 3092149
AH52: ="CAP. " & $C$47 & ": " & $D$47 -> CAP. 3: MUROS | AI52: =ROW($C$47) -> 47
A53: STCAP | B53: STCAP | G53: SUBTOTAL CAP. 3 MUROS: | H53: =SUM(H48:H52) -> 103395864 | O53: =SUM(O48:O52) -> 103395864 | Q53: =SUM(Q47:Q52) -> #REF! | R53: =SUM(R47:R52) -> #REF! | S53: =SUM(S47:S52) -> #REF! | T53: =SUM(T47:T52) -> #REF! | U53: =SUM(U47:U52) -> #REF! | AH53: ="CAP. " & $C$47 & ": " & $D$47 -> CAP. 3: MUROS | AI53: =ROW($C$47) -> 47 | AT53: =SUM(AT48:AT52) -> 103395864
A55: CAP | B55: CAP | C55: 4 | D55: PISOS Y ENCHAPES | H55: =SUM(H56:H63) -> 203542634 | O55: =SUM(O56:O63) -> 203542634 | V55: =IF(H55<>"",O55-H55*$O$2,0) -> 0 | W55: . | AH55: ="CAP. " & $C$55 & ": " & $D$55 -> CAP. 4: PISOS Y ENCHAPES | AI55: =ROW($C$55) -> 55 | AT55: =SUM(AT56:AT63) -> 203542634
A56: COD | B56: COD | AH56: ="CAP. " & $C$55 & ": " & $D$55 -> CAP. 4: PISOS Y ENCHAPES | AI56: =ROW($C$55) -> 55
A57: 200102 | B57: 200102 | C57: 4.1 | D57: ALISTADO PISO 5 CM | E57: M2 | F57: 759.9 | G57: 54060 | H57: =ROUND(F57 * G57,$K$2) -> 41080194 | I57: =#REF! -> #REF! | J57: =#REF! -> #REF! | K57: 1 | L57: =ROUNDUP(#REF!/$K$57,0) -> #REF! | M57: =ROUND(J57 * F57,$K$2) -> #REF! | N57: =ROUND(I57 * F57,$K$2) -> #REF! | O57: =H57*$O$2 -> 41080194 | Q57: =ROUND(#REF!*F57,0) -> #REF! | R57: =ROUND(#REF!*F57,0) -> #REF! | S57: =ROUND(#REF!*F57,0) -> #REF! | T57: =ROUND(#REF!*F57,0) -> #REF! | U57: =Q57+R57+S57+T57 -> #REF! | W57: 38 | AH57: ="CAP. " & $C$55 & ": " & $D$55 -> CAP. 4: PISOS Y ENCHAPES | AI57: =ROW($C$55) -> 55 | AP57: =F57 -> 759.9 | AR57: =AP57+AQ57 -> 759.9 | AS57: =G57 -> 54060 | AT57: =ROUND(AR57 * AS57,$K$2) -> 41080194
A58: 190505 | B58: 190505 | C58: 4.2 | D58: CERAMIC0 PISO-PARED 20-50X20-50CM | E58: M2 | F58: 88 | G58: 133586 | H58: =ROUND(F58 * G58,$K$2) -> 11755568 | I58: =#REF! -> #REF! | J58: =#REF! -> #REF! | K58: 1 | L58: =ROUNDUP(#REF!/$K$58,0) -> #REF! | M58: =ROUND(J58 * F58,$K$2) -> #REF! | N58: =ROUND(I58 * F58,$K$2) -> #REF! | O58: =H58*$O$2 -> 11755568 | Q58: =ROUND(#REF!*F58,0) -> #REF! | R58: =ROUND(#REF!*F58,0) -> #REF! | S58: =ROUND(#REF!*F58,0) -> #REF! | T58: =ROUND(#REF!*F58,0) -> #REF! | U58: =Q58+R58+S58+T58 -> #REF! | W58: 39 | AH58: ="CAP. " & $C$55 & ": " & $D$55 -> CAP. 4: PISOS Y ENCHAPES | AI58: =ROW($C$55) -> 55 | AP58: =F58 -> 88 | AR58: =AP58+AQ58 -> 88 | AS58: =G58 -> 133586 | AT58: =ROUND(AR58 * AS58,$K$2) -> 11755568
A59: 200132 | B59: 200132 | C59: 4.3 | D59: ANDEN CONCRETO 10CM 3000 PSI | E59: M2 | F59: 100.62 | G59: 119582 | H59: =ROUND(F59 * G59,$K$2) -> 12032341 | I59: =#REF! -> #REF! | J59: =#REF! -> #REF! | K59: 1 | L59: =ROUNDUP(#REF!/$K$59,0) -> #REF! | M59: =ROUND(J59 * F59,$K$2) -> #REF! | N59: =ROUND(I59 * F59,$K$2) -> #REF! | O59: =H59*$O$2 -> 12032341 | Q59: =ROUND(#REF!*F59,0) -> #REF! | R59: =ROUND(#REF!*F59,0) + 37 -> #REF! | S59: =ROUND(#REF!*F59,0) -> #REF! | T59: =ROUND(#REF!*F59,0) -> #REF! | U59: =Q59+R59+S59+T59 -> #REF! | W59: 40 | AH59: ="CAP. " & $C$55 & ": " & $D$55 -> CAP. 4: PISOS Y ENCHAPES | AI59: =ROW($C$55) -> 55 | AP59: =F59 -> 100.62 | AR59: =AP59+AQ59 -> 100.62 | AS59: =G59 -> 119582 | AT59: =ROUND(AR59 * AS59,$K$2) -> 12032341
A60: 200215 | B60: 200215 | C60: 4.4 | D60: PORCELANATO 50- 60X 50 -60 CM | E60: M2 | F60: 553.47 | G60: 226394 | H60: =ROUND(F60 * G60,$K$2) -> 125302287 | I60: =#REF! -> #REF! | J60: =#REF! -> #REF! | K60: 1 | L60: =ROUNDUP(#REF!/$K$60,0) -> #REF! | M60: =ROUND(J60 * F60,$K$2) -> #REF! | N60: =ROUND(I60 * F60,$K$2) -> #REF! | O60: =H60*$O$2 -> 125302287 | Q60: =ROUND(#REF!*F60,0) -> #REF! | R60: =ROUND(#REF!*F60,0) -> #REF! | S60: =ROUND(#REF!*F60,0) -> #REF! | T60: =ROUND(#REF!*F60,0) -> #REF! | U60: =Q60+R60+S60+T60 -> #REF! | W60: 41 | AH60: ="CAP. " & $C$55 & ": " & $D$55 -> CAP. 4: PISOS Y ENCHAPES | AI60: =ROW($C$55) -> 55 | AP60: =F60 -> 553.47 | AR60: =AP60+AQ60 -> 553.47 | AS60: =G60 -> 226394 | AT60: =ROUND(AR60 * AS60,$K$2) -> 125302287
A61: 200813 | B61: 200813 | C61: 4.5 | D61: GUARDAESCOBA PORCELANATO 7X30CM | E61: M | F61: 215 | G61: 52339 | H61: =ROUND(F61 * G61,$K$2) -> 11252885 | I61: =#REF! -> #REF! | J61: =#REF! -> #REF! | K61: 1 | L61: =ROUNDUP(#REF!/$K$61,0) -> #REF! | M61: =ROUND(J61 * F61,$K$2) -> #REF! | N61: =ROUND(I61 * F61,$K$2) -> #REF! | O61: =H61*$O$2 -> 11252885 | Q61: =ROUND(#REF!*F61,0) -> #REF! | R61: =ROUND(#REF!*F61,0) + 71 -> #REF! | S61: =ROUND(#REF!*F61,0) -> #REF! | T61: =ROUND(#REF!*F61,0) -> #REF! | U61: =Q61+R61+S61+T61 -> #REF! | W61: 42 | AH61: ="CAP. " & $C$55 & ": " & $D$55 -> CAP. 4: PISOS Y ENCHAPES | AI61: =ROW($C$55) -> 55 | AP61: =F61 -> 215 | AR61: =AP61+AQ61 -> 215 | AS61: =G61 -> 52339 | AT61: =ROUND(AR61 * AS61,$K$2) -> 11252885
A62: 310202 | B62: 310202 | C62: 4.6 | D62: DESTRONQUE-PULIDA-BRILLADA PISO (E) | E62: M2 | F62: 73.64 | G62: 28780 | H62: =ROUND(F62 * G62,$K$2) -> 2119359 | I62: =#REF! -> #REF! | J62: =#REF! -> #REF! | K62: 1 | L62: =ROUNDUP(#REF!/$K$62,0) -> #REF! | M62: =ROUND(J62 * F62,$K$2) -> #REF! | N62: =ROUND(I62 * F62,$K$2) -> #REF! | O62: =H62*$O$2 -> 2119359 | Q62: =ROUND(#REF!*F62,0) -> #REF! | R62: =ROUND(#REF!*F62,0) -> #REF! | S62: =ROUND(#REF!*F62,0) -> #REF! | T62: =ROUND(#REF!*F62,0) + 26 -> #REF! | U62: =Q62+R62+S62+T62 -> #REF! | W62: 43 | AH62: ="CAP. " & $C$55 & ": " & $D$55 -> CAP. 4: PISOS Y ENCHAPES | AI62: =ROW($C$55) -> 55 | AP62: =F62 -> 73.64 | AR62: =AP62+AQ62 -> 73.64 | AS62: =G62 -> 28780 | AT62: =ROUND(AR62 * AS62,$K$2) -> 2119359
AH63: ="CAP. " & $C$55 & ": " & $D$55 -> CAP. 4: PISOS Y ENCHAPES | AI63: =ROW($C$55) -> 55
A64: STCAP | B64: STCAP | G64: SUBTOTAL CAP. 4 PISOS Y ENCHAPES: | H64: =SUM(H56:H63) -> 203542634 | O64: =SUM(O56:O63) -> 203542634 | Q64: =SUM(Q55:Q63) -> #REF! | R64: =SUM(R55:R63) -> #REF! | S64: =SUM(S55:S63) -> #REF! | T64: =SUM(T55:T63) -> #REF! | U64: =SUM(U55:U63) -> #REF! | AH64: ="CAP. " & $C$55 & ": " & $D$55 -> CAP. 4: PISOS Y ENCHAPES | AI64: =ROW($C$55) -> 55 | AT64: =SUM(AT56:AT63) -> 203542634
A66: CAP | B66: CAP | C66: 5 | D66: ESTUCO Y PINTURA | H66: =SUM(H67:H74) -> 89161067 | O66: =SUM(O67:O74) -> 89161067 | V66: =IF(H66<>"",O66-H66*$O$2,0) -> 0 | W66: . | AH66: ="CAP. " & $C$66 & ": " & $D$66 -> CAP. 5: ESTUCO Y PINTURA | AI66: =ROW($C$66) -> 66 | AT66: =SUM(AT67:AT74) -> 89161067
A67: COD | B67: COD | AH67: ="CAP. " & $C$66 & ": " & $D$66 -> CAP. 5: ESTUCO Y PINTURA | AI67: =ROW($C$66) -> 66
A68: 290110 | B68: 290110 | C68: 5.1 | D68: ESTUCO PLASTICO MURO [PASTA] | E68: M2 | F68: 1105.79 | G68: 23953 | H68: =ROUND(F68 * G68,$K$2) -> 26486988 | I68: =#REF! -> #REF! | J68: =#REF! -> #REF! | K68: 1 | L68: =ROUNDUP(#REF!/$K$68,0) -> #REF! | M68: =ROUND(J68 * F68,$K$2) -> #REF! | N68: =ROUND(I68 * F68,$K$2) -> #REF! | O68: =H68*$O$2 -> 26486988 | Q68: =ROUND(#REF!*F68,0) -> #REF! | R68: =ROUND(#REF!*F68,0) -> #REF! | S68: =ROUND(#REF!*F68,0) -> #REF! | T68: =ROUND(#REF!*F68,0) -> #REF! | U68: =Q68+R68+S68+T68 -> #REF! | W68: 45 | AH68: ="CAP. " & $C$66 & ": " & $D$66 -> CAP. 5: ESTUCO Y PINTURA | AI68: =ROW($C$66) -> 66 | AP68: =F68 -> 1105.79 | AR68: =AP68+AQ68 -> 1105.79 | AS68: =G68 -> 23953 | AT68: =ROUND(AR68 * AS68,$K$2) -> 26486988
A69: 290307 | B69: 290307 | C69: 5.2 | D69: VINILO CIELO TIPO 1 [3M] | E69: M2 | F69: 424.08 | G69: 28393 | H69: =ROUND(F69 * G69,$K$2) -> 12040903 | I69: =#REF! -> #REF! | J69: =#REF! -> #REF! | K69: 1 | L69: =ROUNDUP(#REF!/$K$69,0) -> #REF! | M69: =ROUND(J69 * F69,$K$2) -> #REF! | N69: =ROUND(I69 * F69,$K$2) -> #REF! | O69: =H69*$O$2 -> 12040903 | Q69: =ROUND(#REF!*F69,0) -> #REF! | R69: =ROUND(#REF!*F69,0) -> #REF! | S69: =ROUND(#REF!*F69,0) -> #REF! | T69: =ROUND(#REF!*F69,0) -> #REF! | U69: =Q69+R69+S69+T69 -> #REF! | W69: 46 | AH69: ="CAP. " & $C$66 & ": " & $D$66 -> CAP. 5: ESTUCO Y PINTURA | AI69: =ROW($C$66) -> 66 | AP69: =F69 -> 424.08 | AR69: =AP69+AQ69 -> 424.08 | AS69: =G69 -> 28393 | AT69: =ROUND(AR69 * AS69,$K$2) -> 12040903
A70: 290304 | B70: 290304 | C70: 5.3 | D70: VINILO MURO TIPO 1 [3M] | E70: M2 | F70: 1105.79 | G70: 22486 | H70: =ROUND(F70 * G70,$K$2) -> 24864794 | I70: =#REF! -> #REF! | J70: =#REF! -> #REF! | K70: 1 | L70: =ROUNDUP(#REF!/$K$70,0) -> #REF! | M70: =ROUND(J70 * F70,$K$2) -> #REF! | N70: =ROUND(I70 * F70,$K$2) -> #REF! | O70: =H70*$O$2 -> 24864794 | Q70: =ROUND(#REF!*F70,0) -> #REF! | R70: =ROUND(#REF!*F70,0) + 387 -> #REF! | S70: =ROUND(#REF!*F70,0) -> #REF! | T70: =ROUND(#REF!*F70,0) -> #REF! | U70: =Q70+R70+S70+T70 -> #REF! | W70: 47 | AH70: ="CAP. " & $C$66 & ": " & $D$66 -> CAP. 5: ESTUCO Y PINTURA | AI70: =ROW($C$66) -> 66 | AP70: =F70 -> 1105.79 | AR70: =AP70+AQ70 -> 1105.79 | AS70: =G70 -> 22486 | AT70: =ROUND(AR70 * AS70,$K$2) -> 24864794
A71: 291001 | B71: 291001 | C71: 5.4 | D71: ESGRAFIADO | E71: M2 | F71: 38 | G71: 52970 | H71: =ROUND(F71 * G71,$K$2) -> 2012860 | I71: =#REF! -> #REF! | J71: =#REF! -> #REF! | K71: 1 | L71: =ROUNDUP(#REF!/$K$71,0) -> #REF! | M71: =ROUND(J71 * F71,$K$2) -> #REF! | N71: =ROUND(I71 * F71,$K$2) -> #REF! | O71: =H71*$O$2 -> 2012860 | Q71: =ROUND(#REF!*F71,0) -> #REF! | R71: =ROUND(#REF!*F71,0) + 1 -> #REF! | S71: =ROUND(#REF!*F71,0) -> #REF! | T71: =ROUND(#REF!*F71,0) -> #REF! | U71: =Q71+R71+S71+T71 -> #REF! | W71: 48 | AH71: ="CAP. " & $C$66 & ": " & $D$66 -> CAP. 5: ESTUCO Y PINTURA | AI71: =ROW($C$66) -> 66 | AP71: =F71 -> 38 | AR71: =AP71+AQ71 -> 38 | AS71: =G71 -> 52970 | AT71: =ROUND(AR71 * AS71,$K$2) -> 2012860
A72: 290115 | B72: 290115 | C72: 5.5 | D72: RASQUETEADA-LIJADA-RESANE | E72: M2 | F72: 1105.79 | G72: 6225 | H72: =ROUND(F72 * G72,$K$2) -> 6883543 | I72: =#REF! -> #REF! | J72: =#REF! -> #REF! | K72: 1 | L72: =ROUNDUP(#REF!/$K$72,0) -> #REF! | M72: =ROUND(J72 * F72,$K$2) -> #REF! | N72: =ROUND(I72 * F72,$K$2) -> #REF! | O72: =H72*$O$2 -> 6883543 | Q72: =ROUND(#REF!*F72,0) -> #REF! | R72: =ROUND(#REF!*F72,0) -> #REF! | S72: =ROUND(#REF!*F72,0) -> #REF! | T72: =ROUND(#REF!*F72,0) + 55 -> #REF! | U72: =Q72+R72+S72+T72 -> #REF! | W72: 49 | AH72: ="CAP. " & $C$66 & ": " & $D$66 -> CAP. 5: ESTUCO Y PINTURA | AI72: =ROW($C$66) -> 66 | AP72: =F72 -> 1105.79 | AR72: =AP72+AQ72 -> 1105.79 | AS72: =G72 -> 6225 | AT72: =ROUND(AR72 * AS72,$K$2) -> 6883543
A73: 290106 | B73: 290106 | C73: 5.6 | D73: ESTUCO PLASTICO CIELO [PASTA] | E73: M2 | F73: 553.47 | G73: 30484 | H73: =ROUND(F73 * G73,$K$2) -> 16871979 | I73: =#REF! -> #REF! | J73: =#REF! -> #REF! | K73: 1 | L73: =ROUNDUP(#REF!/$K$73,0) -> #REF! | M73: =ROUND(J73 * F73,$K$2) -> #REF! | N73: =ROUND(I73 * F73,$K$2) -> #REF! | O73: =H73*$O$2 -> 16871979 | Q73: =ROUND(#REF!*F73,0) -> #REF! | R73: =ROUND(#REF!*F73,0) -> #REF! | S73: =ROUND(#REF!*F73,0) -> #REF! | T73: =ROUND(#REF!*F73,0) -> #REF! | U73: =Q73+R73+S73+T73 -> #REF! | W73: 50 | AH73: ="CAP. " & $C$66 & ": " & $D$66 -> CAP. 5: ESTUCO Y PINTURA | AI73: =ROW($C$66) -> 66 | AP73: =F73 -> 553.47 | AR73: =AP73+AQ73 -> 553.47 | AS73: =G73 -> 30484 | AT73: =ROUND(AR73 * AS73,$K$2) -> 16871979
AH74: ="CAP. " & $C$66 & ": " & $D$66 -> CAP. 5: ESTUCO Y PINTURA | AI74: =ROW($C$66) -> 66
A75: STCAP | B75: STCAP | G75: SUBTOTAL CAP. 5 ESTUCO Y PINTURA: | H75: =SUM(H67:H74) -> 89161067 | O75: =SUM(O67:O74) -> 89161067 | Q75: =SUM(Q66:Q74) -> #REF! | R75: =SUM(R66:R74) -> #REF! | S75: =SUM(S66:S74) -> #REF! | T75: =SUM(T66:T74) -> #REF! | U75: =SUM(U66:U74) -> #REF! | AH75: ="CAP. " & $C$66 & ": " & $D$66 -> CAP. 5: ESTUCO Y PINTURA | AI75: =ROW($C$66) -> 66 | AT75: =SUM(AT67:AT74) -> 89161067
A77: CAP | B77: CAP | C77: 6 | D77: CARPINTERIA METALICA - MADERA | H77: =SUM(H78:H86) -> 97859807 | O77: =SUM(O78:O86) -> 97859807 | V77: =IF(H77<>"",O77-H77*$O$2,0) -> 0 | W77: . | AH77: ="CAP. " & $C$77 & ": " & $D$77 -> CAP. 6: CARPINTERIA METALICA - MADERA | AI77: =ROW($C$77) -> 77 | AT77: =SUM(AT78:AT86) -> 97859807
A78: COD | B78: COD | AH78: ="CAP. " & $C$77 & ": " & $D$77 -> CAP. 6: CARPINTERIA METALICA - MADERA | AI78: =ROW($C$77) -> 77
A79: 221222 | B79: 221222 | C79: 6.1 | D79: NAVE ALUMINIO BARROTES 1,1/2"x1,1/2" BAT. | E79: M2 | F79: 4 | G79: 711464 | H79: =ROUND(F79 * G79,$K$2) -> 2845856 | I79: =#REF! -> #REF! | J79: =#REF! -> #REF! | K79: 1 | L79: =ROUNDUP(#REF!/$K$79,0) -> #REF! | M79: =ROUND(J79 * F79,$K$2) -> #REF! | N79: =ROUND(I79 * F79,$K$2) -> #REF! | O79: =H79*$O$2 -> 2845856 | Q79: =ROUND(#REF!*F79,0) -> #REF! | R79: =ROUND(#REF!*F79,0) + 1 -> #REF! | S79: =ROUND(#REF!*F79,0) -> #REF! | T79: =ROUND(#REF!*F79,0) -> #REF! | U79: =Q79+R79+S79+T79 -> #REF! | W79: 52 | AH79: ="CAP. " & $C$77 & ": " & $D$77 -> CAP. 6: CARPINTERIA METALICA - MADERA | AI79: =ROW($C$77) -> 77 | AP79: =F79 -> 4 | AR79: =AP79+AQ79 -> 4 | AS79: =G79 -> 711464 | AT79: =ROUND(AR79 * AS79,$K$2) -> 2845856
A80: 221313 | B80: 221313 | C80: 6.2 | D80: MARCO ALUMINIO 1.81-2.00 M LISO C/LUCETA | E80: UND | F80: 1 | G80: 680387 | H80: =ROUND(F80 * G80,$K$2) -> 680387 | I80: =#REF! -> #REF! | J80: =#REF! -> #REF! | K80: 1 | L80: =ROUNDUP(#REF!/$K$80,0) -> #REF! | M80: =ROUND(J80 * F80,$K$2) -> #REF! | N80: =ROUND(I80 * F80,$K$2) -> #REF! | O80: =H80*$O$2 -> 680387 | Q80: =ROUND(#REF!*F80,0) -> #REF! | R80: =ROUND(#REF!*F80,0) -> #REF! | S80: =ROUND(#REF!*F80,0) -> #REF! | T80: =ROUND(#REF!*F80,0) -> #REF! | U80: =Q80+R80+S80+T80 -> #REF! | W80: 53 | AH80: ="CAP. " & $C$77 & ": " & $D$77 -> CAP. 6: CARPINTERIA METALICA - MADERA | AI80: =ROW($C$77) -> 77 | AP80: =F80 -> 1 | AR80: =AP80+AQ80 -> 1 | AS80: =G80 -> 680387 | AT80: =ROUND(AR80 * AS80,$K$2) -> 680387
A81: 210126 | B81: 210126 | C81: 6.3 | D81: NAVE MADERA | E81: UND | F81: 24 | G81: 1649406 | H81: =ROUND(F81 * G81,$K$2) -> 39585744 | I81: =#REF! -> #REF! | J81: =#REF! -> #REF! | K81: 1 | L81: =ROUNDUP(#REF!/$K$81,0) -> #REF! | M81: =ROUND(J81 * F81,$K$2) -> #REF! | N81: =ROUND(I81 * F81,$K$2) -> #REF! | O81: =H81*$O$2 -> 39585744 | Q81: =ROUND(#REF!*F81,0) -> #REF! | R81: =ROUND(#REF!*F81,0) -> #REF! | S81: =ROUND(#REF!*F81,0) -> #REF! | T81: =ROUND(#REF!*F81,0) -> #REF! | U81: =Q81+R81+S81+T81 -> #REF! | W81: 54 | AH81: ="CAP. " & $C$77 & ": " & $D$77 -> CAP. 6: CARPINTERIA METALICA - MADERA | AI81: =ROW($C$77) -> 77 | AP81: =F81 -> 24 | AR81: =AP81+AQ81 -> 24 | AS81: =G81 -> 1649406 | AT81: =ROUND(AR81 * AS81,$K$2) -> 39585744
A82: 210901 | B82: 210901 | C82: 6.4 | D82: MARCO MADERA 80-100 H=210CM | E82: UND | F82: 24 | G82: 346761 | H82: =ROUND(F82 * G82,$K$2) -> 8322264 | I82: =#REF! -> #REF! | J82: =#REF! -> #REF! | K82: 1 | L82: =ROUNDUP(#REF!/$K$82,0) -> #REF! | M82: =ROUND(J82 * F82,$K$2) -> #REF! | N82: =ROUND(I82 * F82,$K$2) -> #REF! | O82: =H82*$O$2 -> 8322264 | Q82: =ROUND(#REF!*F82,0) -> #REF! | R82: =ROUND(#REF!*F82,0) -> #REF! | S82: =ROUND(#REF!*F82,0) -> #REF! | T82: =ROUND(#REF!*F82,0) -> #REF! | U82: =Q82+R82+S82+T82 -> #REF! | W82: 55 | AH82: ="CAP. " & $C$77 & ": " & $D$77 -> CAP. 6: CARPINTERIA METALICA - MADERA | AI82: =ROW($C$77) -> 77 | AP82: =F82 -> 24 | AR82: =AP82+AQ82 -> 24 | AS82: =G82 -> 346761 | AT82: =ROUND(AR82 * AS82,$K$2) -> 8322264
A83: 221011 | B83: 221011 | C83: 6.5 | D83: VENTANA ALUMINIO CORREDIZA 744 V-[OX] | E83: M2 | F83: 69.1 | G83: 526873 | H83: =ROUND(F83 * G83,$K$2) -> 36406924 | I83: =#REF! -> #REF! | J83: =#REF! -> #REF! | K83: 1 | L83: =ROUNDUP(#REF!/$K$83,0) -> #REF! | M83: =ROUND(J83 * F83,$K$2) -> #REF! | N83: =ROUND(I83 * F83,$K$2) -> #REF! | O83: =H83*$O$2 -> 36406924 | Q83: =ROUND(#REF!*F83,0) -> #REF! | R83: =ROUND(#REF!*F83,0) -> #REF! | S83: =ROUND(#REF!*F83,0) -> #REF! | T83: =ROUND(#REF!*F83,0) -> #REF! | U83: =Q83+R83+S83+T83 -> #REF! | W83: 56 | AH83: ="CAP. " & $C$77 & ": " & $D$77 -> CAP. 6: CARPINTERIA METALICA - MADERA | AI83: =ROW($C$77) -> 77 | AP83: =F83 -> 69.1 | AR83: =AP83+AQ83 -> 69.1 | AS83: =G83 -> 526873 | AT83: =ROUND(AR83 * AS83,$K$2) -> 36406924
A84: 221237 | B84: 221237 | C84: 6.6 | D84: NAVE ALUMINIO ENTAMBORADA-LLENA BAT. | E84: M2 | F84: 4 | G84: 1044968 | H84: =ROUND(F84 * G84,$K$2) -> 4179872 | I84: =#REF! -> #REF! | J84: =#REF! -> #REF! | K84: 1 | L84: =ROUNDUP(#REF!/$K$84,0) -> #REF! | M84: =ROUND(J84 * F84,$K$2) -> #REF! | N84: =ROUND(I84 * F84,$K$2) -> #REF! | O84: =H84*$O$2 -> 4179872 | Q84: =ROUND(#REF!*F84,0) -> #REF! | R84: =ROUND(#REF!*F84,0) + 1 -> #REF! | S84: =ROUND(#REF!*F84,0) -> #REF! | T84: =ROUND(#REF!*F84,0) -> #REF! | U84: =Q84+R84+S84+T84 -> #REF! | W84: 57 | AH84: ="CAP. " & $C$77 & ": " & $D$77 -> CAP. 6: CARPINTERIA METALICA - MADERA | AI84: =ROW($C$77) -> 77 | AP84: =F84 -> 4 | AR84: =AP84+AQ84 -> 4 | AS84: =G84 -> 1044968 | AT84: =ROUND(AR84 * AS84,$K$2) -> 4179872
A85: 240316 | B85: 240316 | C85: 6.7 | D85: DIVISION BAÑO A.INOX NAVE 57CM H=1.60M | E85: UND | F85: 4 | G85: 1459690 | H85: =ROUND(F85 * G85,$K$2) -> 5838760 | I85: =#REF! -> #REF! | J85: =#REF! -> #REF! | K85: 1 | L85: =ROUNDUP(#REF!/$K$85,0) -> #REF! | M85: =ROUND(J85 * F85,$K$2) -> #REF! | N85: =ROUND(I85 * F85,$K$2) -> #REF! | O85: =H85*$O$2 -> 5838760 | Q85: =ROUND(#REF!*F85,0) -> #REF! | R85: =ROUND(#REF!*F85,0) + 1 -> #REF! | S85: =ROUND(#REF!*F85,0) -> #REF! | T85: =ROUND(#REF!*F85,0) -> #REF! | U85: =Q85+R85+S85+T85 -> #REF! | W85: 58 | AH85: ="CAP. " & $C$77 & ": " & $D$77 -> CAP. 6: CARPINTERIA METALICA - MADERA | AI85: =ROW($C$77) -> 77 | AP85: =F85 -> 4 | AR85: =AP85+AQ85 -> 4 | AS85: =G85 -> 1459690 | AT85: =ROUND(AR85 * AS85,$K$2) -> 5838760
AH86: ="CAP. " & $C$77 & ": " & $D$77 -> CAP. 6: CARPINTERIA METALICA - MADERA | AI86: =ROW($C$77) -> 77
A87: STCAP | B87: STCAP | G87: SUBTOTAL CAP. 6 CARPINTERIA METALICA - MADERA: | H87: =SUM(H78:H86) -> 97859807 | O87: =SUM(O78:O86) -> 97859807 | Q87: =SUM(Q77:Q86) -> #REF! | R87: =SUM(R77:R86) -> #REF! | S87: =SUM(S77:S86) -> #REF! | T87: =SUM(T77:T86) -> #REF! | U87: =SUM(U77:U86) -> #REF! | AH87: ="CAP. " & $C$77 & ": " & $D$77 -> CAP. 6: CARPINTERIA METALICA - MADERA | AI87: =ROW($C$77) -> 77 | AT87: =SUM(AT78:AT86) -> 97859807
A89: CAP | B89: CAP | C89: 7 | D89: APARATOS SANITARIOS | H89: =SUM(H90:H98) -> 15753940 | O89: =SUM(O90:O98) -> 15753940 | V89: =IF(H89<>"",O89-H89*$O$2,0) -> 0 | W89: . | AH89: ="CAP. " & $C$89 & ": " & $D$89 -> CAP. 7: APARATOS SANITARIOS | AI89: =ROW($C$89) -> 89 | AT89: =SUM(AT90:AT98) -> 15753940
A90: COD | B90: COD | AH90: ="CAP. " & $C$89 & ": " & $D$89 -> CAP. 7: APARATOS SANITARIOS | AI90: =ROW($C$89) -> 89
A91: 250427 | B91: 250427 | C91: 7.1 | D91: SANITARIO LINEA MEDIA DS | E91: UND | F91: 7 | G91: 1073357 | H91: =ROUND(F91 * G91,$K$2) -> 7513499 | I91: =#REF! -> #REF! | J91: =#REF! -> #REF! | K91: 1 | L91: =ROUNDUP(#REF!/$K$91,0) -> #REF! | M91: =ROUND(J91 * F91,$K$2) -> #REF! | N91: =ROUND(I91 * F91,$K$2) -> #REF! | O91: =H91*$O$2 -> 7513499 | Q91: =ROUND(#REF!*F91,0) -> #REF! | R91: =ROUND(#REF!*F91,0) + 3 -> #REF! | S91: =ROUND(#REF!*F91,0) -> #REF! | T91: =ROUND(#REF!*F91,0) -> #REF! | U91: =Q91+R91+S91+T91 -> #REF! | W91: 60 | AH91: ="CAP. " & $C$89 & ": " & $D$89 -> CAP. 7: APARATOS SANITARIOS | AI91: =ROW($C$89) -> 89 | AP91: =F91 -> 7 | AR91: =AP91+AQ91 -> 7 | AS91: =G91 -> 1073357 | AT91: =ROUND(AR91 * AS91,$K$2) -> 7513499
A92: 250444 | B92: 250444 | C92: 7.2 | D92: LAVAMANOS COLGAR PEDESTAL LINEA MEDIA | E92: JUEGO | F92: 7 | G92: 398428 | H92: =ROUND(F92 * G92,$K$2) -> 2788996 | I92: =#REF! -> #REF! | J92: =#REF! -> #REF! | K92: 1 | L92: =ROUNDUP(#REF!/$K$92,0) -> #REF! | M92: =ROUND(J92 * F92,$K$2) -> #REF! | N92: =ROUND(I92 * F92,$K$2) -> #REF! | O92: =H92*$O$2 -> 2788996 | Q92: =ROUND(#REF!*F92,0) -> #REF! | R92: =ROUND(#REF!*F92,0) -> #REF! | S92: =ROUND(#REF!*F92,0) -> #REF! | T92: =ROUND(#REF!*F92,0) -> #REF! | U92: =Q92+R92+S92+T92 -> #REF! | W92: 61 | AH92: ="CAP. " & $C$89 & ": " & $D$89 -> CAP. 7: APARATOS SANITARIOS | AI92: =ROW($C$89) -> 89 | AP92: =F92 -> 7 | AR92: =AP92+AQ92 -> 7 | AS92: =G92 -> 398428 | AT92: =ROUND(AR92 * AS92,$K$2) -> 2788996
A93: 250507 | B93: 250507 | C93: 7.3 | D93: GRIFO LAVAMANOS 8 PULG MEZCL | E93: UND | F93: 7 | G93: 251922 | H93: =ROUND(F93 * G93,$K$2) -> 1763454 | I93: =#REF! -> #REF! | J93: =#REF! -> #REF! | K93: 1 | L93: =ROUNDUP(#REF!/$K$93,0) -> #REF! | M93: =ROUND(J93 * F93,$K$2) -> #REF! | N93: =ROUND(I93 * F93,$K$2) -> #REF! | O93: =H93*$O$2 -> 1763454 | Q93: =ROUND(#REF!*F93,0) -> #REF! | R93: =ROUND(#REF!*F93,0) -> #REF! | S93: =ROUND(#REF!*F93,0) -> #REF! | T93: =ROUND(#REF!*F93,0) -> #REF! | U93: =Q93+R93+S93+T93 -> #REF! | W93: 62 | AH93: ="CAP. " & $C$89 & ": " & $D$89 -> CAP. 7: APARATOS SANITARIOS | AI93: =ROW($C$89) -> 89 | AP93: =F93 -> 7 | AR93: =AP93+AQ93 -> 7 | AS93: =G93 -> 251922 | AT93: =ROUND(AR93 * AS93,$K$2) -> 1763454
A94: 250403 | B94: 250403 | C94: 7.4 | D94: LAVAMANOS COLGAR AQUAJET CF HG SOPORTE | E94: UND | F94: 1 | G94: 1866915 | H94: =ROUND(F94 * G94,$K$2) -> 1866915 | I94: =#REF! -> #REF! | J94: =#REF! -> #REF! | K94: 1 | L94: =ROUNDUP(#REF!/$K$94,0) -> #REF! | M94: =ROUND(J94 * F94,$K$2) -> #REF! | N94: =ROUND(I94 * F94,$K$2) -> #REF! | O94: =H94*$O$2 -> 1866915 | Q94: =ROUND(#REF!*F94,0) -> #REF! | R94: =ROUND(#REF!*F94,0) -> #REF! | S94: =ROUND(#REF!*F94,0) -> #REF! | T94: =ROUND(#REF!*F94,0) -> #REF! | U94: =Q94+R94+S94+T94 -> #REF! | W94: 63 | AH94: ="CAP. " & $C$89 & ": " & $D$89 -> CAP. 7: APARATOS SANITARIOS | AI94: =ROW($C$89) -> 89 | AP94: =F94 -> 1 | AR94: =AP94+AQ94 -> 1 | AS94: =G94 -> 1866915 | AT94: =ROUND(AR94 * AS94,$K$2) -> 1866915
A95: 250420 | B95: 250420 | C95: 7.5 | D95: ORINAL GRANDE SUSPENDIDO INSTITUCIONAL | E95: UND | F95: 1 | G95: 1046253 | H95: =ROUND(F95 * G95,$K$2) -> 1046253 | I95: =#REF! -> #REF! | J95: =#REF! -> #REF! | K95: 1 | L95: =ROUNDUP(#REF!/$K$95,0) -> #REF! | M95: =ROUND(J95 * F95,$K$2) -> #REF! | N95: =ROUND(I95 * F95,$K$2) -> #REF! | O95: =H95*$O$2 -> 1046253 | Q95: =ROUND(#REF!*F95,0) -> #REF! | R95: =ROUND(#REF!*F95,0) -> #REF! | S95: =ROUND(#REF!*F95,0) -> #REF! | T95: =ROUND(#REF!*F95,0) -> #REF! | U95: =Q95+R95+S95+T95 -> #REF! | W95: 64 | AH95: ="CAP. " & $C$89 & ": " & $D$89 -> CAP. 7: APARATOS SANITARIOS | AI95: =ROW($C$89) -> 89 | AP95: =F95 -> 1 | AR95: =AP95+AQ95 -> 1 | AS95: =G95 -> 1046253 | AT95: =ROUND(AR95 * AS95,$K$2) -> 1046253
A96: 250516 | B96: 250516 | C96: 7.6 | D96: GRIFO ORINAL PUSH | E96: UND | F96: 1 | G96: 627819 | H96: =ROUND(F96 * G96,$K$2) -> 627819 | I96: =#REF! -> #REF! | J96: =#REF! -> #REF! | K96: 1 | L96: =ROUNDUP(#REF!/$K$96,0) -> #REF! | M96: =ROUND(J96 * F96,$K$2) -> #REF! | N96: =ROUND(I96 * F96,$K$2) -> #REF! | O96: =H96*$O$2 -> 627819 | Q96: =ROUND(#REF!*F96,0) -> #REF! | R96: =ROUND(#REF!*F96,0) -> #REF! | S96: =ROUND(#REF!*F96,0) -> #REF! | T96: =ROUND(#REF!*F96,0) -> #REF! | U96: =Q96+R96+S96+T96 -> #REF! | W96: 65 | AH96: ="CAP. " & $C$89 & ": " & $D$89 -> CAP. 7: APARATOS SANITARIOS | AI96: =ROW($C$89) -> 89 | AP96: =F96 -> 1 | AR96: =AP96+AQ96 -> 1 | AS96: =G96 -> 627819 | AT96: =ROUND(AR96 * AS96,$K$2) -> 627819
A97: 250611 | B97: 250611 | C97: 7.7 | D97: REJILLA SOSCO 3"X2" ALUMINIO" | E97: UND | F97: 4 | G97: 36751 | H97: =ROUND(F97 * G97,$K$2) -> 147004 | I97: =#REF! -> #REF! | J97: =#REF! -> #REF! | K97: 1 | L97: =ROUNDUP(#REF!/$K$97,0) -> #REF! | M97: =ROUND(J97 * F97,$K$2) -> #REF! | N97: =ROUND(I97 * F97,$K$2) -> #REF! | O97: =H97*$O$2 -> 147004 | Q97: =ROUND(#REF!*F97,0) -> #REF! | R97: =ROUND(#REF!*F97,0) + 2 -> #REF! | S97: =ROUND(#REF!*F97,0) -> #REF! | T97: =ROUND(#REF!*F97,0) -> #REF! | U97: =Q97+R97+S97+T97 -> #REF! | W97: 66 | AH97: ="CAP. " & $C$89 & ": " & $D$89 -> CAP. 7: APARATOS SANITARIOS | AI97: =ROW($C$89) -> 89 | AP97: =F97 -> 4 | AR97: =AP97+AQ97 -> 4 | AS97: =G97 -> 36751 | AT97: =ROUND(AR97 * AS97,$K$2) -> 147004
AH98: ="CAP. " & $C$89 & ": " & $D$89 -> CAP. 7: APARATOS SANITARIOS | AI98: =ROW($C$89) -> 89
A99: STCAP | B99: STCAP | G99: SUBTOTAL CAP. 7 APARATOS SANITARIOS: | H99: =SUM(H90:H98) -> 15753940 | O99: =SUM(O90:O98) -> 15753940 | Q99: =SUM(Q89:Q98) -> #REF! | R99: =SUM(R89:R98) -> #REF! | S99: =SUM(S89:S98) -> #REF! | T99: =SUM(T89:T98) -> #REF! | U99: =SUM(U89:U98) -> #REF! | AH99: ="CAP. " & $C$89 & ": " & $D$89 -> CAP. 7: APARATOS SANITARIOS | AI99: =ROW($C$89) -> 89 | AT99: =SUM(AT90:AT98) -> 15753940
A101: CAP | B101: CAP | C101: 8 | D101: INSTALACIÓN ELÉCTRICA | H101: =SUM(H102:H126) -> 181186796 | O101: =SUM(O102:O126) -> 181186796 | V101: =IF(H101<>"",O101-H101*$O$2,0) -> 0 | W101: . | AH101: ="CAP. " & $C$101 & ": " & $D$101 -> CAP. 8: INSTALACIÓN ELÉCTRICA | AI101: =ROW($C$101) -> 101 | AT101: =SUM(AT102:AT126) -> 181186796
A102: COD | B102: COD | AH102: ="CAP. " & $C$101 & ": " & $D$101 -> CAP. 8: INSTALACIÓN ELÉCTRICA | AI102: =ROW($C$101) -> 101
A103: 170408 | B103: 170408 | C103: 8.1 | D103: SAL LAMP EMT | E103: UND | F103: 120 | G103: 313142 | H103: =ROUND(F103 * G103,$K$2) -> 37577040 | I103: =#REF! -> #REF! | J103: =#REF! -> #REF! | K103: 1 | L103: =ROUNDUP(#REF!/$K$103,0) -> #REF! | M103: =ROUND(J103 * F103,$K$2) -> #REF! | N103: =ROUND(I103 * F103,$K$2) -> #REF! | O103: =H103*$O$2 -> 37577040 | Q103: =ROUND(#REF!*F103,0) -> #REF! | R103: =ROUND(#REF!*F103,0) -> #REF! | S103: =ROUND(#REF!*F103,0) -> #REF! | T103: =ROUND(#REF!*F103,0) -> #REF! | U103: =Q103+R103+S103+T103 -> #REF! | W103: 68 | AH103: ="CAP. " & $C$101 & ": " & $D$101 -> CAP. 8: INSTALACIÓN ELÉCTRICA | AI103: =ROW($C$101) -> 101 | AP103: =F103 -> 120 | AR103: =AP103+AQ103 -> 120 | AS103: =G103 -> 313142 | AT103: =ROUND(AR103 * AS103,$K$2) -> 37577040
A104: 170725 | B104: 170725 | C104: 8.2 | D104: SAL TOMA 120 EMT ZONA HUMEDA | E104: UND | F104: 4 | G104: 411015 | H104: =ROUND(F104 * G104,$K$2) -> 1644060 | I104: =#REF! -> #REF! | J104: =#REF! -> #REF! | K104: 1 | L104: =ROUNDUP(#REF!/$K$104,0) -> #REF! | M104: =ROUND(J104 * F104,$K$2) -> #REF! | N104: =ROUND(I104 * F104,$K$2) -> #REF! | O104: =H104*$O$2 -> 1644060 | Q104: =ROUND(#REF!*F104,0) -> #REF! | R104: =ROUND(#REF!*F104,0) + 1 -> #REF! | S104: =ROUND(#REF!*F104,0) -> #REF! | T104: =ROUND(#REF!*F104,0) -> #REF! | U104: =Q104+R104+S104+T104 -> #REF! | W104: 69 | AH104: ="CAP. " & $C$101 & ": " & $D$101 -> CAP. 8: INSTALACIÓN ELÉCTRICA | AI104: =ROW($C$101) -> 101 | AP104: =F104 -> 4 | AR104: =AP104+AQ104 -> 4 | AS104: =G104 -> 411015 | AT104: =ROUND(AR104 * AS104,$K$2) -> 1644060
A105: 170722 | B105: 170722 | C105: 8.3 | D105: SAL TOMA 120 PVC | E105: UND | F105: 55 | G105: 216094 | H105: =ROUND(F105 * G105,$K$2) -> 11885170 | I105: =#REF! -> #REF! | J105: =#REF! -> #REF! | K105: 1 | L105: =ROUNDUP(#REF!/$K$105,0) -> #REF! | M105: =ROUND(J105 * F105,$K$2) -> #REF! | N105: =ROUND(I105 * F105,$K$2) -> #REF! | O105: =H105*$O$2 -> 11885170 | Q105: =ROUND(#REF!*F105,0) -> #REF! | R105: =ROUND(#REF!*F105,0) -> #REF! | S105: =ROUND(#REF!*F105,0) -> #REF! | T105: =ROUND(#REF!*F105,0) -> #REF! | U105: =Q105+R105+S105+T105 -> #REF! | W105: 70 | AH105: ="CAP. " & $C$101 & ": " & $D$101 -> CAP. 8: INSTALACIÓN ELÉCTRICA | AI105: =ROW($C$101) -> 101 | AP105: =F105 -> 55 | AR105: =AP105+AQ105 -> 55 | AS105: =G105 -> 216094 | AT105: =ROUND(AR105 * AS105,$K$2) -> 11885170
A106: 170914 | B106: 170914 | C106: 8.4 | D106: TABLERO 2F 24 CTOS TQCP | E106: UND | F106: 1 | G106: 671024 | H106: =ROUND(F106 * G106,$K$2) -> 671024 | I106: =#REF! -> #REF! | J106: =#REF! -> #REF! | K106: 1 | L106: =ROUNDUP(#REF!/$K$106,0) -> #REF! | M106: =ROUND(J106 * F106,$K$2) -> #REF! | N106: =ROUND(I106 * F106,$K$2) -> #REF! | O106: =H106*$O$2 -> 671024 | Q106: =ROUND(#REF!*F106,0) -> #REF! | R106: =ROUND(#REF!*F106,0) -> #REF! | S106: =ROUND(#REF!*F106,0) -> #REF! | T106: =ROUND(#REF!*F106,0) -> #REF! | U106: =Q106+R106+S106+T106 -> #REF! | W106: 71 | AH106: ="CAP. " & $C$101 & ": " & $D$101 -> CAP. 8: INSTALACIÓN ELÉCTRICA | AI106: =ROW($C$101) -> 101 | AP106: =F106 -> 1 | AR106: =AP106+AQ106 -> 1 | AS106: =G106 -> 671024 | AT106: =ROUND(AR106 * AS106,$K$2) -> 671024
A107: 170802 | B107: 170802 | C107: 8.5 | D107: BREAKER 2F DESDE 15 HASTA 60 AMP | E107: UND | F107: 24 | G107: 202546 | H107: =ROUND(F107 * G107,$K$2) -> 4861104 | I107: =#REF! -> #REF! | J107: =#REF! -> #REF! | K107: 1 | L107: =ROUNDUP(#REF!/$K$107,0) -> #REF! | M107: =ROUND(J107 * F107,$K$2) -> #REF! | N107: =ROUND(I107 * F107,$K$2) -> #REF! | O107: =H107*$O$2 -> 4861104 | Q107: =ROUND(#REF!*F107,0) -> #REF! | R107: =ROUND(#REF!*F107,0) -> #REF! | S107: =ROUND(#REF!*F107,0) -> #REF! | T107: =ROUND(#REF!*F107,0) -> #REF! | U107: =Q107+R107+S107+T107 -> #REF! | W107: 72 | AH107: ="CAP. " & $C$101 & ": " & $D$101 -> CAP. 8: INSTALACIÓN ELÉCTRICA | AI107: =ROW($C$101) -> 101 | AP107: =F107 -> 24 | AR107: =AP107+AQ107 -> 24 | AS107: =G107 -> 202546 | AT107: =ROUND(AR107 * AS107,$K$2) -> 4861104
A108: 170306 | B108: 170306 | C108: 8.6 | D108: ACOMETIDA ELECTRICA 2F(2# 4+1# 8) 1" | E108: M | F108: 120 | G108: 99407 | H108: =ROUND(F108 * G108,$K$2) -> 11928840 | I108: =#REF! -> #REF! | J108: =#REF! -> #REF! | K108: 1 | L108: =ROUNDUP(#REF!/$K$108,0) -> #REF! | M108: =ROUND(J108 * F108,$K$2) -> #REF! | N108: =ROUND(I108 * F108,$K$2) -> #REF! | O108: =H108*$O$2 -> 11928840 | Q108: =ROUND(#REF!*F108,0) -> #REF! | R108: =ROUND(#REF!*F108,0) + 13 -> #REF! | S108: =ROUND(#REF!*F108,0) -> #REF! | T108: =ROUND(#REF!*F108,0) -> #REF! | U108: =Q108+R108+S108+T108 -> #REF! | W108: 73 | AH108: ="CAP. " & $C$101 & ": " & $D$101 -> CAP. 8: INSTALACIÓN ELÉCTRICA | AI108: =ROW($C$101) -> 101 | AP108: =F108 -> 120 | AR108: =AP108+AQ108 -> 120 | AS108: =G108 -> 99407 | AT108: =ROUND(AR108 * AS108,$K$2) -> 11928840
A109: 170316 | B109: 170316 | C109: 8.7 | D109: ACOMETIDA ELECTRICA 3F(3#1/0+1#1/0)3" | E109: M | F109: 60 | G109: 391071 | H109: =ROUND(F109 * G109,$K$2) -> 23464260 | I109: =#REF! -> #REF! | J109: =#REF! -> #REF! | K109: 1 | L109: =ROUNDUP(#REF!/$K$109,0) -> #REF! | M109: =ROUND(J109 * F109,$K$2) -> #REF! | N109: =ROUND(I109 * F109,$K$2) -> #REF! | O109: =H109*$O$2 -> 23464260 | Q109: =ROUND(#REF!*F109,0) -> #REF! | R109: =ROUND(#REF!*F109,0) -> #REF! | S109: =ROUND(#REF!*F109,0) -> #REF! | T109: =ROUND(#REF!*F109,0) -> #REF! | U109: =Q109+R109+S109+T109 -> #REF! | W109: 74 | AH109: ="CAP. " & $C$101 & ": " & $D$101 -> CAP. 8: INSTALACIÓN ELÉCTRICA | AI109: =ROW($C$101) -> 101 | AP109: =F109 -> 60 | AR109: =AP109+AQ109 -> 60 | AS109: =G109 -> 391071 | AT109: =ROUND(AR109 * AS109,$K$2) -> 23464260
A110: 060923 | B110: 060923 | C110: 8.8 | D110: MP - 01 MALLA DE PROTECCION | E110: UND | F110: 1 | G110: 6051161 | H110: =ROUND(F110 * G110,$K$2) -> 6051161 | I110: =#REF! -> #REF! | J110: =#REF! -> #REF! | K110: 1 | L110: =ROUNDUP(#REF!/$K$110,0) -> #REF! | M110: =ROUND(J110 * F110,$K$2) -> #REF! | N110: =ROUND(I110 * F110,$K$2) -> #REF! | O110: =H110*$O$2 -> 6051161 | Q110: =ROUND(#REF!*F110,0) -> #REF! | R110: =ROUND(#REF!*F110,0) -> #REF! | S110: =ROUND(#REF!*F110,0) -> #REF! | T110: =ROUND(#REF!*F110,0) -> #REF! | U110: =Q110+R110+S110+T110 -> #REF! | W110: 75 | AH110: ="CAP. " & $C$101 & ": " & $D$101 -> CAP. 8: INSTALACIÓN ELÉCTRICA | AI110: =ROW($C$101) -> 101 | AP110: =F110 -> 1 | AR110: =AP110+AQ110 -> 1 | AS110: =G110 -> 6051161 | AT110: =ROUND(AR110 * AS110,$K$2) -> 6051161
...

Sheet INSUMOS
C5: =+'PRESUPUESTO 15-7'!C7 -> SECRETARIA DE DESARROLLO TERRITORIAL Y PARTICIPACIÓN CIUDADANA
C6: RESUMEN DE INSUMOS
C7: ='PRESUPUESTO 15-7'!D9 -> MANTENIMIENTO CORRECTIVO Y PREVENTIVO DE LOS CENTROS DE ADMINISTRACIÓN LOCAL INTEGRADA DE LAS COMUNAS 15 Y 7 DEL DISTRITO DE SANTIAGO DE CALI | I7: PROCESO No. | J7: ='PRESUPUESTO 15-7'!H9 -> 0
I8: FECHA: | J8: ='PRESUPUESTO 15-7'!H10 -> 46079
A10: CODIGO | C10: DESCRIPCION | D10: UND | G10: CANT. | I10: VR. UNIT. | J10: VR. TOTAL
A14: G1 | C14: MATERIALES | J14: =SUM(J15:J212) -> 7.9414935e+08
A15: CODIGO | B15: CLASIF | C15: DESCRIPCION | D15: UND | G15: =IF($B$3>1,"CANT. / " &$B$1,"CANT.") -> CANT. | I15: VR. UNIT. | J15: =IF($B$3>1,"VR. / " &$B$1,"VR.TOTAL") -> VR.TOTAL
A16: 100011 | B16: ADITIVOS | C16: ACEITE MOTOR 4 TIEMPOS | D16: GLN | E16: =C16&D16 -> ACEITE MOTOR 4 TIEMPOSGLN | F16: 1 | G16: 0.87403506 | H16: 703.74 | I16: 123272 | J16: =G16*I16 -> 107744.05
A17: 101010 | B17: HIERROS | C17: ACERO DE REFUERZO 1/2" 60.000 FIGURADO | D17: KG | E17: =C17&D17 -> ACERO DE REFUERZO 1/2" 60.000 FIGURADOKG | F17: 1 | G17: 210 | H17: 2550 | I17: 4467 | J17: =G17*I17 -> 938070
A18: 101013 | B18: HIERROS | C18: ACERO DE REFUERZO 3/4" 60.000 FIGURADO | D18: KG | E18: =C18&D18 -> ACERO DE REFUERZO 3/4" 60.000 FIGURADOKG | F18: 1 | G18: 1614.8 | H18: 9350 | I18: 4467 | J18: =G18*I18 -> 7213311.6
A19: 101015 | B19: HIERROS | C19: ACERO DE REFUERZO 3/8" 60.000 | D19: KG | E19: =C19&D19 -> ACERO DE REFUERZO 3/8" 60.000KG | F19: 1 | G19: 806.4 | H19: 1275 | I19: 4467 | J19: =G19*I19 -> 3602188.8
A20: 101017 | B20: HIERROS | C20: ACERO DE REFUERZO 5/8" 60.000 | D20: KG | E20: =C20&D20 -> ACERO DE REFUERZO 5/8" 60.000KG | F20: 1 | G20: 1173.6 | H20: 5100 | I20: 4467 | J20: =G20*I20 -> 5242471.2
A21: 101008 | B21: HIERROS | C21: ACERO DE REFUERZO 60.000 PSI 420 MPA | D21: KG | E21: =C21&D21 -> ACERO DE REFUERZO 60.000 PSI 420 MPAKG | F21: 1 | G21: 17055.811 | H21: 4377.5 | I21: 4467 | J21: =G21*I21 -> 76188309
A22: 100014 | C22: ACIDO MURIATICO | D22: GLN | E22: =C22&D22 -> ACIDO MURIATICOGLN | F22: 1 | G22: 2.7950235 | H22: 116.34 | I22: 24214 | J22: =G22*I22 -> 67678.699
A23: 100018 | C23: ACRONAL | D23: GLN | E23: =C23&D23 -> ACRONALGLN | F23: 1 | G23: 6.272714 | H23: 533.88 | I23: 55556 | J23: =G23*I23 -> 348486.9
A24: 101897 | C24: ADAP. TERMINAL PVC 1/2" | D24: UND | E24: =C24&D24 -> ADAP. TERMINAL PVC 1/2"UND | F24: 1 | G24: 308 | H24: 934 | I24: 491 | J24: =G24*I24 -> 151228
A25: 117006 | C25: ADHERENTE EPOX. CONCRETO SECADO LENTO | D25: KG | E25: =C25&D25 -> ADHERENTE EPOX. CONCRETO SECADO LENTOKG | F25: 1 | G25: 175.968 | H25: 104707.8 | I25: 183413 | J25: =G25*I25 -> 32274819
A26: 106015 | B26: ADITIVOS | C26: ADHES. ANCL. ESTR. 600ML TIPO ANCHORFIX 3001 | D26: UND | E26: =C26&D26 -> ADHES. ANCL. ESTR. 600ML TIPO ANCHORFIX 3001UND | F26: 1 | G26: 229.7272 | H26: 8884.08 | I26: 233429 | J26: =G26*I26 -> 53624991
A27: 101619 | B27: ADITIVOS | C27: ADITIVO LIQ. IMPERMEAB. PARA MORTERO | D27: KG | E27: =C27&D27 -> ADITIVO LIQ. IMPERMEAB. PARA MORTEROKG | F27: 1 | G27: 250.152 | H27: 17113.6 | I27: 25695 | J27: =G27*I27 -> 6427655.6
A28: 100053 | B28: OTROS MATERIALES | C28: AGUA | D28: LT | E28: =C28&D28 -> AGUALT | F28: 1 | G28: 59551.436 | H28: 18500 | I28: 78 | J28: =G28*I28 -> 4645012
A29: 140208 | B29: ACCESORIOS | C29: AIRE ACONDICIONADO TIPO INVERTER 60000BTU | D29: UND | E29: =C29&D29 -> AIRE ACONDICIONADO TIPO INVERTER 60000BTUUND | F29: 1 | G29: 1 | H29: 13253625 | I29: 13929560 | J29: =G29*I29 -> 13929560
A30: 119095 | C30: AISLANTE TERMICO RUBATEX 7/8" X 1.80M | D30: UND | E30: =C30&D30 -> AISLANTE TERMICO RUBATEX 7/8" X 1.80MUND | F30: 1 | G30: 44 | H30: 616924 | I30: 14736 | J30: =G30*I30 -> 648384
A31: 100065 | B31: ELECTRICOS | C31: ALAMBRE COBRE THWN #12 | D31: M | E31: =C31&D31 -> ALAMBRE COBRE THWN #12M | F31: 1 | G31: 1532.1 | H31: 23049 | I31: 2692 | J31: =G31*I31 -> 4124413.2
A32: 100066 | B32: ELECTRICOS | C32: ALAMBRE COBRE THWN #14 | D32: M | E32: =C32&D32 -> ALAMBRE COBRE THWN #14M | F32: 1 | G32: 725.85 | H32: 7708.5 | I32: 1800 | J32: =G32*I32 -> 1306530
A33: 100075 | B33: ELECTRICOS | C33: ALAMBRE GALVANIZADO CALIBRE 18 | D33: KG | E33: =C33&D33 -> ALAMBRE GALVANIZADO CALIBRE 18KG | F33: 1 | G33: 21.8 | H33: 1688.4 | I33: 17745 | J33: =G33*I33 -> 386841
A34: 100076 | B34: HIERROS | C34: ALAMBRE NEGRO PARA AMARRE CALIBRE 18 | D34: KG | E34: =C34&D34 -> ALAMBRE NEGRO PARA AMARRE CALIBRE 18KG | F34: 1 | G34: 662.3616 | H34: 250 | I34: 6569 | J34: =G34*I34 -> 4351053.4
A35: 117009 | C35: ALFACRIL | D35: LT | E35: =C35&D35 -> ALFACRILLT | F35: 1 | G35: 55.9 | H35: 853.84 | I35: 3451 | J35: =G35*I35 -> 192910.9
A36: 117010 | C36: ALFALISTO | D36: KG | E36: =C36&D36 -> ALFALISTOKG | F36: 1 | G36: 193.5 | H36: 1712.7 | I36: 2000 | J36: =G36*I36 -> 387000
A37: 100097 | B37: ELECTRICOS | C37: ANGULAR EN V DE 18 X 48" | D37: UND | E37: =C37&D37 -> ANGULAR EN V DE 18 X 48"UND | F37: 1 | G37: 4 | H37: 266352 | I37: 69984 | J37: =G37*I37 -> 279936
A38: 100107 | B38: PINTURAS | C38: ANTICORROSIVO PHCL | D38: GLN | E38: =C38&D38 -> ANTICORROSIVO PHCLGLN | F38: 1 | G38: 0.918 | H38: 12606.43 | I38: 86597 | J38: =G38*I38 -> 79496.046
A39: 100111 | B39: ADITIVOS | C39: ANTISOL BLANCO | D39: KG | E39: =C39&D39 -> ANTISOL BLANCOKG | F39: 1 | G39: 39.1 | H39: 27424 | I39: 14411 | J39: =G39*I39 -> 563470.1
A40: 100123 | B40: AGREGADOS | C40: ARENA DE TRITURACIÓN Y/O ARENA GRUESA DE RIO | D40: M3 | E40: =C40&D40 -> ARENA DE TRITURACIÓN Y/O ARENA GRUESA DE RIOM3 | F40: 1 | G40: 84.023904 | H40: 30153.95 | I40: 54944 | J40: =G40*I40 -> 4616609.4
A41: 100122 | B41: AGREGADOS | C41: ARENA FINA DE RIO | D41: M3 | E41: =C41&D41 -> ARENA FINA DE RIOM3 | F41: 1 | G41: 24.425327 | H41: 65797.52 | I41: 59615 | J41: =G41*I41 -> 1456115.9
A42: 100124 | B42: AGREGADOS | C42: ARENA MEDIA DE RIO Y/O DE TRITURACIÓN | D42: M3 | E42: =C42&D42 -> ARENA MEDIA DE RIO Y/O DE TRITURACIÓNM3 | F42: 1 | G42: 109.12523 | H42: 55283.21 | I42: 59900 | J42: =G42*I42 -> 6536601.1
A43: 100157 | B43: ELECTRICOS | C43: BANDA COPA DOBLE 6-7" COMP | D43: UND | E43: =C43&D43 -> BANDA COPA DOBLE 6-7" COMPUND | F43: 1 | G43: 4 | H43: 99308 | I43: 26093 | J43: =G43*I43 -> 104372
A44: 119075 | C44: BASE 7 PINES | D44: UND | E44: =C44&D44 -> BASE 7 PINESUND | F44: 1 | G44: 3 | H44: 94312 | I44: 99122 | J44: =G44*I44 -> 297366
A45: 105018 | B45: PINTURAS | C45: BASE ESGRAFIADO | D45: GLN | E45: =C45&D45 -> BASE ESGRAFIADOGLN | F45: 1 | G45: 24.55 | H45: 1395.75 | I45: 29339 | J45: =G45*I45 -> 720272.45
A46: 100204 | C46: BISAGRA ALUMINIO 3"X2-1/2" | D46: UND | E46: =C46&D46 -> BISAGRA ALUMINIO 3"X2-1/2"UND | F46: 1 | G46: 3 | H46: 17502 | I46: 6132 | J46: =G46*I46 -> 18396
A47: 100201 | B47: CARP. METALICA | C47: BISAGRA COBRIZADA 3"X1-1/4" | D47: PAR | E47: =C47&D47 -> BISAGRA COBRIZADA 3"X1-1/4"PAR | F47: 1 | G47: 144 | H47: 63048 | I47: 11044 | J47: =G47*I47 -> 1590336
A48: 106000 | B48: CARP. METALICA | C48: BISAGRA COBRIZADA 3"X2-1/2" | D48: PAR | E48: =C48&D48 -> BISAGRA COBRIZADA 3"X2-1/2"PAR | F48: 1 | G48: 6 | H48: 13461 | I48: 14148 | J48: =G48*I48 -> 84888
A49: 140205 | B49: ACCESORIOS | C49: BOMBA DE CONDENSADO | D49: UND | E49: =C49&D49 -> BOMBA DE CONDENSADOUND | F49: 1 | G49: 1 | H49: 700000 | I49: 735700 | J49: =G49*I49 -> 735700
A50: 100312 | B50: ELECTRICOS | C50: BREAKER 2 X 15A | D50: UND | E50: =C50&D50 -> BREAKER 2 X 15AUND | F50: 1 | G50: 24 | H50: 58490 | I50: 61473 | J50: =G50*I50 -> 1475352
A51: 140207 | B51: ELECTRICOS | C51: BREAKER 2X40 A | D51: UND | E51: =C51&D51 -> BREAKER 2X40 AUND | F51: 1 | G51: 1 | H51: 67400 | I51: 70837 | J51: =G51*I51 -> 70837
A52: 105024 | B52: OTROS MATERIALES | C52: BROCA TUGSTENO SDS MAX 3/4" X 20" (50 CM) | D52: UND | E52: =C52&D52 -> BROCA TUGSTENO SDS MAX 3/4" X 20" (50 CM)UND | F52: 1 | G52: 18.72 | H52: 997.94 | I52: 262209 | J52: =G52*I52 -> 4908552.5
A53: 105026 | B53: VARIOS | C53: BROCA TUGSTENO SDS MAX 7/8" X 18" (45 CM) | D53: UND | E53: =C53&D53 -> BROCA TUGSTENO SDS MAX 7/8" X 18" (45 CM)UND | F53: 1 | G53: 4.404 | H53: 2405.11 | I53: 421295 | J53: =G53*I53 -> 1855383.2
A54: 117033 | C54: BROCHA CERDA MONA 4" | D54: UND | E54: =C54&D54 -> BROCHA CERDA MONA 4"UND | F54: 1 | G54: 15.2987 | H54: 193.57 | I54: 20344 | J54: =G54*I54 -> 311236.75
A55: 117037 | C55: CABLE 3X12 AWG-7H TRENZADO | D55: M | E55: =C55&D55 -> CABLE 3X12 AWG-7H TRENZADOM | F55: 1 | G55: 300 | H55: 50195 | I55: 10551 | J55: =G55*I55 -> 3165300
A56: 140201 | B56: ELECTRICOS | C56: CABLE 3X14 AWG ENCAUCHETADO | D56: ML | E56: =C56&D56 -> CABLE 3X14 AWG ENCAUCHETADOML | F56: 1 | G56: 30 | H56: 240000 | I56: 8408 | J56: =G56*I56 -> 252240
A57: 100360 | B57: ELECTRICOS | C57: CABLE ACSR NUMERO 4 | D57: M | E57: =C57&D57 -> CABLE ACSR NUMERO 4M | F57: 1 | G57: 600 | H57: 1356000 | I57: 2375 | J57: =G57*I57 -> 1425000
A58: 100373 | B58: ELECTRICOS | C58: CABLE COBRE THW #1/0 | D58: M | E58: =C58&D58 -> CABLE COBRE THW #1/0M | F58: 1 | G58: 252 | H58: 187000.8 | I58: 46795 | J58: =G58*I58 -> 11792340
A59: 100382 | B59: ELECTRICOS | C59: CABLE COBRE THW #12 | D59: M | E59: =C59&D59 -> CABLE COBRE THW #12M | F59: 1 | G59: 2504.25 | H59: 3029.25 | I59: 3032 | J59: =G59*I59 -> 7592886
A60: 100383 | B60: ELECTRICOS | C60: CABLE COBRE THW #14 | D60: M | E60: =C60&D60 -> CABLE COBRE THW #14M | F60: 1 | G60: 1871.1 | H60: 2094.75 | I60: 2097 | J60: =G60*I60 -> 3923696.7
A61: 100377 | B61: ELECTRICOS | C61: CABLE COBRE THW #4 | D61: M | E61: =C61&D61 -> CABLE COBRE THW #4M | F61: 1 | G61: 252 | H61: 45345.3 | I61: 22694 | J61: =G61*I61 -> 5718888
A62: 100380 | B62: ELECTRICOS | C62: CABLE COBRE THW #8 | D62: M | E62: =C62&D62 -> CABLE COBRE THW #8M | F62: 1 | G62: 126 | H62: 7152.6 | I62: 7159 | J62: =G62*I62 -> 902034
A63: 140206 | B63: ELECTRICOS | C63: CABLE ENCAUCHETADO 3X10 AWG | D63: ML | E63: =C63&D63 -> CABLE ENCAUCHETADO 3X10 AWGML | F63: 1 | G63: 30 | H63: 507000 | I63: 17762 | J63: =G63*I63 -> 532860
A64: 117041 | C64: CABLE UTP CAT 6A | D64: M | E64: =C64&D64 -> CABLE UTP CAT 6AM | F64: 1 | G64: 620 | H64: 4554 | I64: 4786 | J64: =G64*I64 -> 2967320
A65: 100443 | C65: CAJA PVC SENCILLA RECTANGULAR 2" X 4" | D65: UND | E65: =C65&D65 -> CAJA PVC SENCILLA RECTANGULAR 2" X 4"UND | F65: 1 | G65: 154 | H65: 1915 | I65: 2013 | J65: =G65*I65 -> 310002
A66: 109017 | C66: CAJA RAWELT 3/4" | D66: UND | E66: =C66&D66 -> CAJA RAWELT 3/4"UND | F66: 1 | G66: 124 | H66: 19110 | I66: 20085 | J66: =G66*I66 -> 2490540
A67: 100557 | C67: CEMENTO BLANCO | D67: KG | E67: =C67&D67 -> CEMENTO BLANCOKG | F67: 1 | G67: 122.0646 | H67: 2837.59 | I67: 1969 | J67: =G67*I67 -> 240345.2
A68: 100556 | C68: CEMENTO BLANCO SACO 40KG | D68: BULTO | E68: =C68&D68 -> CEMENTO BLANCO SACO 40KGBULTO | F68: 1 | G68: 1.76 | H68: 1498 | I68: 78720 | J68: =G68*I68 -> 138547.2
A69: 100558 | B69: CEMENTOS | C69: CEMENTO GRIS PORTLAND | D69: KG | E69: =C69&D69 -> CEMENTO GRIS PORTLANDKG | F69: 1 | G69: 105479.09 | H69: 328250 | I69: 683 | J69: =G69*I69 -> 72042219
A70: 100579 | B70: VARIOS | C70: CERA PARA PISOS | D70: GLN | E70: =C70&D70 -> CERA PARA PISOSGLN | F70: 1 | G70: 1.841 | H70: 1814.7 | I70: 76290 | J70: =G70*I70 -> 140449.89
A71: 117046 | C71: CERAMICA TRAF.3 30 X 30 CM | D71: M2 | E71: =C71&D71 -> CERAMICA TRAF.3 30 X 30 CMM2 | F71: 1 | G71: 22.22 | H71: 9004.9 | I71: 37482 | J71: =G71*I71 -> 832850.04
A72: 117047 | C72: CERAMICA TRAF.3 33 X 33 CM | D72: M2 | E72: =C72&D72 -> CERAMICA TRAF.3 33 X 33 CMM2 | F72: 1 | G72: 22.22 | H72: 10662.82 | I72: 44383 | J72: =G72*I72 -> 986190.26
A73: 117048 | C73: CERAMICA TRAF.4 40 X 40 CM | D73: M2 | E73: =C73&D73 -> CERAMICA TRAF.4 40 X 40 CMM2 | F73: 1 | G73: 22.22 | H73: 16791.25 | I73: 69892 | J73: =G73*I73 -> 1553000.2
A74: 117045 | C74: CERAMICA TRAF.4 41.7 X 41.7 CM | D74: M2 | E74: =C74&D74 -> CERAMICA TRAF.4 41.7 X 41.7 CMM2 | F74: 1 | G74: 22.22 | H74: 14638.94 | I74: 60933 | J74: =G74*I74 -> 1353931.3
A75: 119131 | C75: CERRADURA ALUMINIO JAGUAR VENT. CORREDIZA | D75: UND | E75: =C75&D75 -> CERRADURA ALUMINIO JAGUAR VENT. CORREDIZAUND | F75: 1 | G75: 69.1 | H75: 11046 | I75: 11609 | J75: =G75*I75 -> 802181.9
A76: 100593 | C76: CHAZO PLASTICO 1/4" | D76: UND | E76: =C76&D76 -> CHAZO PLASTICO 1/4"UND | F76: 1 | G76: 752.88 | H76: 452.48 | I76: 59 | J76: =G76*I76 -> 44419.92
A77: 100601 | B77: ELECTRICOS | C77: CINTA AISLANTE #33 | D77: UND | E77: =C77&D77 -> CINTA AISLANTE #33UND | F77: 1 | G77: 8.03 | H77: 292.46 | I77: 30738 | J77: =G77*I77 -> 246826.14
A78: 100603 | C78: CINTA AISLANTE 33 SUPER | D78: UND | E78: =C78&D78 -> CINTA AISLANTE 33 SUPERUND | F78: 1 | G78: 99 | H78: 4337 | I78: 4558 | J78: =G78*I78 -> 451242
A79: 117049 | C79: CINTA AISLANTE 33 SUPER X 20M | D79: ROLLO | E79: =C79&D79 -> CINTA AISLANTE 33 SUPER X 20MROLLO | F79: 1 | G79: 0.6 | H79: 300.34 | I79: 31566 | J79: =G79*I79 -> 18939.6
A80: 100606 | C80: CINTA ENMASCARAR 1-1/2"X40M | D80: ROLLO | E80: =C80&D80 -> CINTA ENMASCARAR 1-1/2"X40MROLLO | F80: 1 | G80: 15.2987 | H80: 71.9 | I80: 7557 | J80: =G80*I80 -> 115612.28
A81: 100611 | B81: OTROS MATERIALES | C81: CINTA TEFLON 18MM X 10 M | D81: UND | E81: =C81&D81 -> CINTA TEFLON 18MM X 10 MUND | F81: 1 | G81: 2.87 | H81: 986.76 | I81: 8642 | J81: =G81*I81 -> 24802.54
A82: 100778 | B82: ELECTRICOS | C82: CRUCETA MET. 3" X 3" X 3/8" X 3 M | D82: UND | E82: =C82&D82 -> CRUCETA MET. 3" X 3" X 3/8" X 3 MUND | F82: 1 | G82: 4 | H82: 1256796 | I82: 330223 | J82: =G82*I82 -> 1320892
A83: 100804 | B83: MADERAS | C83: CUARTON 2" X 4" AMARILLO | D83: M | E83: =C83&D83 -> CUARTON 2" X 4" AMARILLOM | F83: 1 | G83: 8.88 | H83: 44001 | I83: 15415 | J83: =G83*I83 -> 136885.2
A84: 100806 | B84: MADERAS | C84: CUARTON 2" X 4" X 300 AMARILLO | D84: UND | E84: =C84&D84 -> CUARTON 2" X 4" X 300 AMARILLOUND | F84: 1 | G84: 177.5155 | H84: 2927.2 | I84: 30765 | J84: =G84*I84 -> 5461264.4
A85: 109046 | C85: CURVA EMT 3/4" | D85: UND | E85: =C85&D85 -> CURVA EMT 3/4"UND | F85: 1 | G85: 124 | H85: 2809 | I85: 2952 | J85: =G85*I85 -> 366048
A86: 100821 | C86: CURVA PVC 1/2" | D86: UND | E86: =C86&D86 -> CURVA PVC 1/2"UND | F86: 1 | G86: 94 | H86: 1116 | I86: 1173 | J86: =G86*I86 -> 110262
A87: 101904 | B87: OTROS MATERIALES | C87: DISOLVENTE PARA PINTURA (TINNER) | D87: GLN | E87: =C87&D87 -> DISOLVENTE PARA PINTURA (TINNER)GLN | F87: 1 | G87: 3.8274 | H87: 842.76 | I87: 29525 | J87: =G87*I87 -> 113003.99
A88: 134337 | C88: DISPOSICION FINAL DE ESCOMBRO Y SOBRANTES | D88: M3 | E88: =C88&D88 -> DISPOSICION FINAL DE ESCOMBRO Y SOBRANTESM3 | F88: 1 | G88: 104 | H88: 4500 | I88: 4730 | J88: =G88*I88 -> 491920
A89: 100861 | B89: PISOS | C89: EMBOQUILLADOR | D89: KG | E89: =C89&D89 -> EMBOQUILLADORKG | F89: 1 | G89: 178.941 | H89: 2136.3 | I89: 7484 | J89: =G89*I89 -> 1339194.4
A90: 100862 | B90: CARP. METALICA | C90: EMPAQUE NEOPRENO | D90: M | E90: =C90&D90 -> EMPAQUE NEOPRENOM | F90: 1 | G90: 418.746 | H90: 15925.68 | I90: 2762 | J90: =G90*I90 -> 1156576.5
A91: 100863 | B91: AGREGADOS | C91: EMULSION ASFALTICA | D91: KG | E91: =C91&D91 -> EMULSION ASFALTICAKG | F91: 1 | G91: 36.45072 | H91: 927.28 | I91: 9555 | J91: =G91*I91 -> 348286.63
A92: 100882 | C92: ESMALTE SINTETICO MATE | D92: GLN | E92: =C92&D92 -> ESMALTE SINTETICO MATEGLN | F92: 1 | G92: 6.23675 | H92: 5243.36 | I92: 109124 | J92: =G92*I92 -> 680579.11
A93: 119021 | C93: ESTUCO PLASTICO EXTERIOR POLVO | D93: KG | E93: =C93&D93 -> ESTUCO PLASTICO EXTERIOR POLVOKG | F93: 1 | G93: 738.37438 | H93: 293.1 | I93: 2054 | J93: =G93*I93 -> 1516621
A94: 100894 | B94: PINTURAS | C94: ESTUCO PLASTICO PASTA | D94: KG | E94: =C94&D94 -> ESTUCO PLASTICO PASTAKG | F94: 1 | G94: 3633.7336 | H94: 6853.25 | I94: 3317 | J94: =G94*I94 -> 12053094
A95: 101250 | B95: ELECTRICOS | C95: GABINETE CON RACK 19"X43" ALT. CERRADO | D95: UND | E95: =C95&D95 -> GABINETE CON RACK 19"X43" ALT. CERRADOUND | F95: 1 | G95: 4 | H95: 810994 | I95: 852355 | J95: =G95*I95 -> 3409420
A96: 100932 | B96: ADITIVOS | C96: GASOLINA CORRIENTE | D96: GLN | E96: =C96&D96 -> GASOLINA CORRIENTEGLN | F96: 1 | G96: 14.567251 | H96: 1675.8 | I96: 17613 | J96: =G96*I96 -> 256572.99
A97: 100954 | B97: PINTURAS | C97: GRANIPLAST - ESGRAFIADO 30 KG | D97: UND | E97: =C97&D97 -> GRANIPLAST - ESGRAFIADO 30 KGUND | F97: 1 | G97: 59.5092 | H97: 21318.35 | I97: 184865 | J97: =G97*I97 -> 11001168
A98: 109053 | C98: GRAPA GALV.-GRUESA 3/4" | D98: UND | E98: =C98&D98 -> GRAPA GALV.-GRUESA 3/4"UND | F98: 1 | G98: 372 | H98: 4566 | I98: 1600 | J98: =G98*I98 -> 595200
A99: 100962 | B99: AGREGADOS | C99: GRAVA TRITURADA 3/4" | D99: M3 | E99: =C99&D99 -> GRAVA TRITURADA 3/4"M3 | F99: 1 | G99: 126.03586 | H99: 75791.52 | I99: 92068 | J99: =G99*I99 -> 11603869
A100: 100969 | B100: APARATOS SANITARIOS | C100: GRIFERIA LAVAM 8" | D100: UND | E100: =C100&D100 -> GRIFERIA LAVAM 8"UND | F100: 1 | G100: 7 | H100: 119034 | I100: 125105 | J100: =G100*I100 -> 875735
A101: 105067 | B101: APARATOS SANITARIOS | C101: GRIFO ORINAL PUSH ANTIVANDA | D101: UND | E101: =C101&D101 -> GRIFO ORINAL PUSH ANTIVANDAUND | F101: 1 | G101: 1 | H101: 406037 | I101: 426745 | J101: =G101*I101 -> 426745
A102: 100977 | B102: MADERAS | C102: GUADUA [TACO] 2.50-3M | D102: UND | E102: =C102&D102 -> GUADUA [TACO] 2.50-3MUND | F102: 1 | G102: 169.92 | H102: 21880 | I102: 5749 | J102: =G102*I102 -> 976870.08
A103: 102439 | C103: GUAIPE | D103: KG | E103: =C103&D103 -> GUAIPEKG | F103: 1 | G103: 68.447 | H103: 909.7 | I103: 9561 | J103: =G103*I103 -> 654421.77
A104: 100978 | B104: ELECTRICOS | C104: GUARDACABO CABLE 3/8" | D104: UND | E104: =C104&D104 -> GUARDACABO CABLE 3/8"UND | F104: 1 | G104: 10 | H104: 21040 | I104: 2211 | J104: =G104*I104 -> 22110
A105: 100981 | B105: CARP. METALICA | C105: GUIA PLASTICA VC-50-20 | D105: UND | E105: =C105&D105 -> GUIA PLASTICA VC-50-20UND | F105: 1 | G105: 48.0245 | H105: 122.32 | I105: 185 | J105: =G105*I105 -> 8884.5325
A106: 100983 | C106: HEBILLAS BAN DIT 5/8" | D106: UND | E106: =C106&D106 -> HEBILLAS BAN DIT 5/8"UND | F106: 1 | G106: 99 | H106: 894 | I106: 940 | J106: =G106*I106 -> 93060
A107: 101053 | B107: BLOQUES - LADRILLOS | C107: LADRILLO SUCIO COMUN | D107: UND | E107: =C107&D107 -> LADRILLO SUCIO COMUNUND | F107: 1 | G107: 29914.56 | H107: 42840 | I107: 736 | J107: =G107*I107 -> 22017116
A108: 103124 | B108: VARIOS | C108: LAMINA ICOPOR 2CM 1.22X0.61M | D108: UND | E108: =C108&D108 -> LAMINA ICOPOR 2CM 1.22X0.61MUND | F108: 1 | G108: 41.548 | H108: 2134.26 | I108: 26390 | J108: =G108*I108 -> 1096451.7
...

Sheet Hoja1
